Workbook
Name _: NA()
Name _____TOT2: NA()
Name ____ACA25: NA()
Name ____ACA50: NA()
Name ____CCM30: NA()
Name ____CMM30: NA()
Name ____KM406407: NA()
Name ____la2: NA()
Name ____PCM30: NA()
Name ____PL1: NA()
Name ____PLA2: NA()
Name ____PNV2002: NA()
Name ____PNV2003: NA()
Name ____PNV2009: NA()
Name ____PTB10: NA()
Name ____TB10: NA()
Name ____TOT1: NA()
Name ____TOT2: NA()
Name ____TOT3: NA()
Name ____TOT4: NA()
Name ____TOT5: NA()
Name ____TOT6: NA()
Name ____TOT7: NA()
Name ____tota: NA()
Name ____TSD2: NA()
Name ___ACA25: NA()
Name ___ACA50: NA()
Name ___CCM30: NA()
Name ___CMM30: NA()
Name ___KM406407: NA()
Name ___la2: NA()
Name ___PCM30: NA()
Name ___PL1: NA()
Name ___PLA2: NA()
Name ___PNV2002: NA()
Name ___PNV2003: NA()
Name ___PNV2009: NA()
Name ___PTB10: NA()
Name ___TB10: NA()
Name ___TOT1: NA()
Name ___TOT2: NA()
Name ___TOT3: NA()
Name ___TOT4: NA()
Name ___TOT5: NA()
Name ___TOT6: NA()
Name ___TOT7: NA()
Name ___TSD2: NA()
Name __ACA25: NA()
Name __ACA50: NA()
Name __CCM30: NA()
Name __CMM30: NA()
Name __KM406407: NA()
Name __la2: NA()
Name __PCM30: NA()
Name __PL1: NA()
Name __PLA2: NA()
Name __PNV2002: NA()
Name __PNV2003: NA()
Name __PNV2009: NA()
Name __PTB10: NA()

Sheet RESUMO
A10: 1 | B10: INSTALAÇÕES PROVISÓRIAS | D10: ='PLANILHA ORCAMENTARIA'!J9 -> 18537.92 | E10: =D10/$D$20 -> 0.021638705
A11: 2 | B11: SERVIÇOS PRELIMINARES | D11: ='PLANILHA ORCAMENTARIA'!J14 -> 28786.73 | E11: =D11/$D$20 -> 0.033601804
A12: 3 | B12: ADMINISTRAÇAO LOCAL DA OBRA | D12: ='PLANILHA ORCAMENTARIA'!J22 -> 29615.98 | E12: =D12/$D$20 -> 0.03456976
A13: 4 | B13: TERRAPLENAGEM | D13: ='PLANILHA ORCAMENTARIA'!J25 -> 277343.75 | E13: =D13/$D$20 -> 0.32373425
A14: 5 | B14: CONTENÇÃO DE ENCOSTA | D14: ='PLANILHA ORCAMENTARIA'!J31 -> 274151.92 | E14: =D14/$D$20 -> 0.32000853
A15: 6 | B15: DRENAGEM PLUVIAL | D15: ='PLANILHA ORCAMENTARIA'!J44 -> 71125.24 | E15: =D15/$D$20 -> 0.083022155
A16: 7 | B16: REVESTIMENTO E PROTEÇÃO DA ENCOSTA | D16: ='PLANILHA ORCAMENTARIA'!J50 -> 117357.1 | E16: =D16/$D$20 -> 0.13698709
A17: 8 | B17: SERVIÇOS COMPLEMENTARES | D17: ='PLANILHA ORCAMENTARIA'!J59 -> 39783.28 | E17: =D17/$D$20 -> 0.046437715
C18: VALOR BDI TOTAL: | D18: ='PLANILHA ORCAMENTARIA'!J63 -> 159592.59 | E18: =SUM(E10:E17) -> 1
C19: VALOR ORÇAMENTO: | D19: ='PLANILHA ORCAMENTARIA'!J64 -> 697109.33
C20: VALOR TOTAL: | D20: ='PLANILHA ORCAMENTARIA'!J65 -> 856701.92

Sheet PLANILHA ORCAMENTARIA
A8: ITEM | B8: CÓDIGO | C8: REF. | D8: DESCRIÇÃO | E8: UNID. | F8: QUANT. | G8: PREÇO UNIT SEM BDI R$ | H8: BDI (%) | I8: PREÇO UNIT COM BDI R$ | J8: PREÇO TOTAL R$
A9: 1 | B9: INSTALAÇÕES PROVISÓRIAS | G9: =ROUND(F10*G10,2)+ROUND(F11*G11,2)+ROUND(F12*G12,2)+ROUND(F13*G13,2) -> 16368 | J9: =ROUND(SUM(J10:J13),2) -> 18537.92
A10: 1.1 | B10: INS-32971826 | C10: Composições Próprias | D10: MOBILIZAÇÃO DE CONTAINER | E10: UND | F10: 2 | G10: =M10 -> 792 | H10: 23.12 | I10: =ROUND(G10*ROUND(1+(H10/100),4),2) -> 975.11 | J10: =ROUND(ROUND(F10,2)*ROUND(I10,2),2) -> 1950.22 | L10: 900 | M10: =TRUNC(L10*0.88,2) -> 792
A11: 1.2 | B11: INS-09244605 | C11: Composições Próprias | D11: DESMOBILIZAÇÃO DE CONTAINER | E11: UND | F11: 2 | G11: =M11 -> 792 | H11: 23.12 | I11: =ROUND(G11*ROUND(1+(H11/100),4),2) -> 975.11 | J11: =ROUND(ROUND(F11,2)*ROUND(I11,2),2) -> 1950.22 | L11: 900 | M11: =TRUNC(L11*0.88,2) -> 792
A12: 1.3 | B12: INS-91581640 | C12: Composições Próprias | D12: LOCAÇÃO DE CONTAINER PARA ESCRITORIO SEM BANHEIRO - BDI = 10,89 | E12: MES | F12: 6 | G12: =M12 -> 1056 | H12: 10.89 | I12: =ROUND(G12*ROUND(1+(H12/100),4),2) -> 1171 | J12: =ROUND(ROUND(F12,2)*ROUND(I12,2),2) -> 7026 | L12: 1200 | M12: =TRUNC(L12*0.88,2) -> 1056
A13: 1.4 | B13: INS-33223766 | C13: Composições Próprias | D13: LOCAÇÃO CONTAINER PARA ESCRITORIO COM BANHEIRO - BDI = 10,89 | E13: MES | F13: 6 | G13: =M13 -> 1144 | H13: 10.89 | I13: =ROUND(G13*ROUND(1+(H13/100),4),2) -> 1268.58 | J13: =ROUND(ROUND(F13,2)*ROUND(I13,2),2) -> 7611.48 | L13: 1300 | M13: =TRUNC(L13*0.88,2) -> 1144
A14: 2 | B14: SERVIÇOS PRELIMINARES | G14: =ROUND(F15*G15,2)+ROUND(F16*G16,2)+ROUND(F17*G17,2)+ROUND(F18*G18,2)+ROUND(F19*G19,2)+ROUND(F20*G20,2)+ROUND(F21*G21,2) -> 23381.41 | J14: =ROUND(SUM(J15:J21),2) -> 28786.73
A15: 2.1 | B15: 103689 | C15: SINAPI | D15: FORNECIMENTO E INSTALAÇÃO DE PLACA DE OBRA COM CHAPA GALVANIZADA E ESTRUTURA DE MADEIRA. AF_03/2022_PS | E15: M2 | F15: 2.88 | G15: =M15 -> 409.86 | H15: 23.12 | I15: =ROUND(G15*ROUND(1+(H15/100),4),2) -> 504.62 | J15: =ROUND(ROUND(F15,2)*ROUND(I15,2),2) -> 1453.31 | L15: 465.75 | M15: =TRUNC(L15*0.88,2) -> 409.86
A16: 2.2 | B16: 98524 | C16: SINAPI | D16: LIMPEZA MANUAL DE VEGETAÇÃO EM TERRENO COM ENXADA. AF_03/2024 | E16: M2 | F16: 1033.56 | G16: =M16 -> 4.3 | H16: 23.12 | I16: =ROUND(G16*ROUND(1+(H16/100),4),2) -> 5.29 | J16: =ROUND(ROUND(F16,2)*ROUND(I16,2),2) -> 5467.53 | L16: 4.89 | M16: =TRUNC(L16*0.88,2) -> 4.3
A17: 2.3 | B17: 98530 | C17: SINAPI | D17: CORTE RASO E RECORTE DE ÁRVORE COM DIÂMETRO DE TRONCO MAIOR OU IGUAL A 0,40 M E MENOR QUE 0,60 M. AF_03/2024 | E17: UN | F17: 12 | G17: =M17 -> 133.6 | H17: 23.12 | I17: =ROUND(G17*ROUND(1+(H17/100),4),2) -> 164.49 | J17: =ROUND(ROUND(F17,2)*ROUND(I17,2),2) -> 1973.88 | L17: 151.82 | M17: =TRUNC(L17*0.88,2) -> 133.6
A18: 2.4 | B18: 100206 | C18: SINAPI | D18: TRANSPORTE HORIZONTAL COM JERICA DE 90 L, DE MASSA/ GRANEL (UNIDADE: M3XKM). AF_07/2019 | E18: M3XKM | F18: 12.92 | G18: =M18 -> 997.15 | H18: 23.12 | I18: =ROUND(G18*ROUND(1+(H18/100),4),2) -> 1227.69 | J18: =ROUND(ROUND(F18,2)*ROUND(I18,2),2) -> 15861.75 | L18: 1133.13 | M18: =TRUNC(L18*0.88,2) -> 997.15
A19: 2.5 | B19: 100983 | C19: SINAPI | D19: CARGA, MANOBRA E DESCARGA DE ENTULHO EM CAMINHÃO BASCULANTE 14 M³ - CARGA COM ESCAVADEIRA HIDRÁULICA (CAÇAMBA DE 0,80 M³ / 111 HP) E DESCARGA LIVRE (UNIDADE: M3). AF_07/2020 | E19: M3 | F19: 144.2 | G19: =M19 -> 7.76 | H19: 23.12 | I19: =ROUND(G19*ROUND(1+(H19/100),4),2) -> 9.55 | J19: =ROUND(ROUND(F19,2)*ROUND(I19,2),2) -> 1377.11 | L19: 8.82 | M19: =TRUNC(L19*0.88,2) -> 7.76
A20: 2.6 | B20: 95876 | C20: SINAPI | D20: TRANSPORTE COM CAMINHÃO BASCULANTE DE 14 M³, EM VIA URBANA PAVIMENTADA, DMT ATÉ 30 KM (UNIDADE: M3XKM). AF_07/2020 | E20: M3XKM | F20: 1124.76 | G20: =M20 -> 1.84 | H20: 23.12 | I20: =ROUND(G20*ROUND(1+(H20/100),4),2) -> 2.27 | J20: =ROUND(ROUND(F20,2)*ROUND(I20,2),2) -> 2553.21 | L20: 2.1 | M20: =TRUNC(L20*0.88,2) -> 1.84
A21: 2.7 | B21: COMP-64451533 | C21: Composições Próprias | D21: SERVICOS TOPOGRAFICOS PARA PAVIMENTACAO, INCLUSIVE NOTA DE SERVICOS, ACOMPANHAMENTO E GREIDE | E21: M² | F21: 227.13 | G21: =M21 -> 0.36 | H21: 23.12 | I21: =ROUND(G21*ROUND(1+(H21/100),4),2) -> 0.44 | J21: =ROUND(ROUND(F21,2)*ROUND(I21,2),2) -> 99.94 | L21: 0.42 | M21: =TRUNC(L21*0.88,2) -> 0.36
A22: 3 | B22: ADMINISTRAÇAO LOCAL DA OBRA | G22: =ROUND(F23*G23,2)+ROUND(F24*G24,2) -> 24054.56 | J22: =ROUND(SUM(J23:J24),2) -> 29615.98 | M22: =TRUNC(L22*0.88,2) -> 0
A23: 3.1 | B23: 93565 | C23: SINAPI | D23: ENGENHEIRO CIVIL DE OBRA JUNIOR COM ENCARGOS COMPLEMENTARES | E23: MES | F23: 0.78 | G23: =M23 -> 20100.57 | H23: 23.12 | I23: =ROUND(G23*ROUND(1+(H23/100),4),2) -> 24747.82 | J23: =ROUND(ROUND(F23,2)*ROUND(I23,2),2) -> 19303.3 | L23: 22627.68 | M23: 20100.57
A24: 3.2 | B24: 93572 | C24: SINAPI | D24: ENCARREGADO GERAL DE OBRAS COM ENCARGOS COMPLEMENTARES | E24: MES | F24: 1.5 | G24: =M24 -> 5584.08 | H24: 23.12 | I24: =ROUND(G24*ROUND(1+(H24/100),4),2) -> 6875.12 | J24: =ROUND(ROUND(F24,2)*ROUND(I24,2),2) -> 10312.68 | L24: 6345.55 | M24: =TRUNC(L24*0.88,2) -> 5584.08
A25: 4 | B25: TERRAPLENAGEM | G25: =ROUND(F26*G26,2)+ROUND(F27*G27,2)+ROUND(F28*G28,2)+ROUND(F29*G29,2)+ROUND(F30*G30,2) -> 225234.15 | J25: =ROUND(SUM(J26:J30),2) -> 277343.75
A26: 4.1 | B26: 93358 | C26: SINAPI | D26: ESCAVAÇÃO MANUAL DE VALA. AF_09/2024 | E26: M3 | F26: 861.36 | G26: =M26 -> 79.88 | H26: 23.12 | I26: =ROUND(G26*ROUND(1+(H26/100),4),2) -> 98.35 | J26: =ROUND(ROUND(F26,2)*ROUND(I26,2),2) -> 84714.76 | L26: 90.78 | M26: =TRUNC(L26*0.88,2) -> 79.88
A27: 4.2 | B27: CP-96995-85112623 | C27: Composições Próprias | D27: REATERRO MANUAL APILOADO COM SOQUETE | E27: M3 | F27: 53.54 | G27: =M27 -> 48.44 | H27: 23.12 | I27: =ROUND(G27*ROUND(1+(H27/100),4),2) -> 59.64 | J27: =ROUND(ROUND(F27,2)*ROUND(I27,2),2) -> 3193.13 | L27: 55.05 | M27: =TRUNC(L27*0.88,2) -> 48.44
A28: 4.3 | B28: 100206 | C28: SINAPI | D28: TRANSPORTE HORIZONTAL COM JERICA DE 90 L, DE MASSA/ GRANEL (UNIDADE: M3XKM). AF_07/2019 | E28: M3XKM | F28: 107.67 | G28: =M28 -> 997.15 | H28: 23.12 | I28: =ROUND(G28*ROUND(1+(H28/100),4),2) -> 1227.69 | J28: =ROUND(ROUND(F28,2)*ROUND(I28,2),2) -> 132185.38 | L28: 1133.13 | M28: =TRUNC(L28*0.88,2) -> 997.15
A29: 4.4 | B29: CP-72897-80530767 | C29: Composições Próprias | D29: CARGA MANUAL DE ENTULHO EM CAMINHAO BASCULANTE 14 M3 | E29: M3 | F29: 1009.78 | G29: =M29 -> 31.67 | H29: 23.12 | I29: =ROUND(G29*ROUND(1+(H29/100),4),2) -> 38.99 | J29: =ROUND(ROUND(F29,2)*ROUND(I29,2),2) -> 39371.32 | L29: 35.99 | M29: =TRUNC(L29*0.88,2) -> 31.67
A30: 4.5 | B30: 95876 | C30: SINAPI | D30: TRANSPORTE COM CAMINHÃO BASCULANTE DE 14 M³, EM VIA URBANA PAVIMENTADA, DMT ATÉ 30 KM (UNIDADE: M3XKM). AF_07/2020 | E30: M3XKM | F30: 7876.28 | G30: =M30 -> 1.84 | H30: 23.12 | I30: =ROUND(G30*ROUND(1+(H30/100),4),2) -> 2.27 | J30: =ROUND(ROUND(F30,2)*ROUND(I30,2),2) -> 17879.16 | L30: 2.1 | M30: =TRUNC(L30*0.88,2) -> 1.84
A31: 5 | B31: CONTENÇÃO DE ENCOSTA | G31: =ROUND(F32*G32,2)+ROUND(F33*G33,2)+ROUND(F34*G34,2)+ROUND(F35*G35,2)+ROUND(F36*G36,2)+ROUND(F37*G37,2)+ROUND(F38*G38,2)+ROUND(F39*G39,2)+ROUND(F40*G40,2)+ROUND(F41*G41,2)+ROUND(F42*G42,2)+ROUND(F43*G43,2) -> 222666.2 | J31: =ROUND(SUM(J32:J43),2) -> 274151.92 | L31: 253075.72 | M31: =TRUNC(L31*0.88,2) -> 222706.63
A32: 5.1 | B32: 100206 | C32: SINAPI | D32: TRANSPORTE HORIZONTAL COM JERICA DE 90 L, DE MASSA/ GRANEL (UNIDADE: M3XKM). AF_07/2019 | E32: M3XKM | F32: 7.14 | G32: =M32 -> 997.15 | H32: 23.12 | I32: =ROUND(G32*ROUND(1+(H32/100),4),2) -> 1227.69 | J32: =ROUND(ROUND(F32,2)*ROUND(I32,2),2) -> 8765.71 | L32: 1133.13 | M32: =TRUNC(L32*0.88,2) -> 997.15
A33: 5.2 | B33: CP-100206-86548087 | C33: Composições Próprias | D33: TRANSPORTE HORIZONTAL COM JERICA DE 90 L, DE PEDRA RACHÃO GRANEL (UNIDADE: M3XKM). AF_07/2019 | E33: M3XKM | F33: 44.11 | G33: =M33 -> 997.15 | H33: 23.12 | I33: =ROUND(G33*ROUND(1+(H33/100),4),2) -> 1227.69 | J33: =ROUND(ROUND(F33,2)*ROUND(I33,2),2) -> 54153.41 | L33: 1133.13 | M33: =TRUNC(L33*0.88,2) -> 997.15
A34: 5.3 | B34: 103800 | C34: SINAPI | D34: PEDRA ARGAMASSADA COM CIMENTO E AREIA 1:3, 40% DE ARGAMASSA EM VOLUME - AREIA E PEDRA DE MÃO COMERCIAIS - FORNECIMENTO E ASSENTAMENTO. AF_08/2022 | E34: M3 | F34: 315.04 | G34: =M34 -> 455.12 | H34: 23.12 | I34: =ROUND(G34*ROUND(1+(H34/100),4),2) -> 560.34 | J34: =ROUND(ROUND(F34,2)*ROUND(I34,2),2) -> 176529.51 | L34: 517.19 | M34: =TRUNC(L34*0.88,2) -> 455.12
A35: 5.4 | B35: COMP-83526730 | C35: Composições Próprias | D35: TRANSPORTE COMERCIAL DE BRITA | E35: M³XKM | F35: 365.65 | G35: =M35 -> 1.11 | H35: 23.12 | I35: =ROUND(G35*ROUND(1+(H35/100),4),2) -> 1.37 | J35: =ROUND(ROUND(F35,2)*ROUND(I35,2),2) -> 500.94 | L35: 1.27 | M35: =TRUNC(L35*0.88,2) -> 1.11
A36: 5.5 | B36: CP-73883/002-13051595 | C36: Composições Próprias | D36: EXECUCAO DE DRENO FRANCES COM BRITA NUM 2 | E36: M3 | F36: 24.79 | G36: =M36 -> 142.74 | H36: 23.12 | I36: =ROUND(G36*ROUND(1+(H36/100),4),2) -> 175.74 | J36: =ROUND(ROUND(F36,2)*ROUND(I36,2),2) -> 4356.59 | L36: 162.21 | M36: =TRUNC(L36*0.88,2) -> 142.74
A37: 5.6 | B37: CP-73883/001-30509153 | C37: Composições Próprias | D37: EXECUCAO DE DRENO FRANCES COM AREIA MEDIA | E37: M3 | F37: 24.79 | G37: =M37 -> 163.53 | H37: 23.12 | I37: =ROUND(G37*ROUND(1+(H37/100),4),2) -> 201.34 | J37: =ROUND(ROUND(F37,2)*ROUND(I37,2),2) -> 4991.22 | L37: 185.84 | M37: =TRUNC(L37*0.88,2) -> 163.53
A38: 5.7 | B38: CP-83729-53696259 | C38: Composições Próprias | D38: FORNECIMENTO/INSTALACAO DE MANTA BIDIM RT-31 | E38: M2 | F38: 12.32 | G38: =M38 -> 24.12 | H38: 23.12 | I38: =ROUND(G38*ROUND(1+(H38/100),4),2) -> 29.7 | J38: =ROUND(ROUND(F38,2)*ROUND(I38,2),2) -> 365.9 | L38: 27.41 | M38: =TRUNC(L38*0.88,2) -> 24.12
A39: 5.8 | B39: CP-83681-82667036 | C39: Composições Próprias | D39: TUBO PVC D=4" COM MATERIAL DRENANTE PARA DRENO/BARBACA - FORNECIMENTO E INSTALACAO | E39: M | F39: 177.67 | G39: =M39 -> 22.68 | H39: 23.12 | I39: =ROUND(G39*ROUND(1+(H39/100),4),2) -> 27.92 | J39: =ROUND(ROUND(F39,2)*ROUND(I39,2),2) -> 4960.55 | L39: 25.78 | M39: =TRUNC(L39*0.88,2) -> 22.68
A40: 5.9 | B40: CP-S10448-80966267 | C40: Composições Próprias | D40: Abraçadeira metálica tipo "D" de 4" | E40: un | F40: 224 | G40: =M40 -> 13.49 | H40: 23.12 | I40: =ROUND(G40*ROUND(1+(H40/100),4),2) -> 16.61 | J40: =ROUND(ROUND(F40,2)*ROUND(I40,2),2) -> 3720.64 | L40: 15.33 | M40: =TRUNC(L40*0.88,2) -> 13.49
A41: 5.10 | B41: 96620 | C41: SINAPI | D41: LASTRO DE CONCRETO MAGRO, APLICADO EM PISOS, LAJES SOBRE SOLO OU RADIERS. AF_01/2024 | E41: M3 | F41: 9.35 | G41: =M41 -> 647.6 | H41: 23.12 | I41: =ROUND(G41*ROUND(1+(H41/100),4),2) -> 797.33 | J41: =ROUND(ROUND(F41,2)*ROUND(I41,2),2) -> 7455.04 | L41: 735.91 | M41: =TRUNC(L41*0.88,2) -> 647.6
A42: 5.11 | B42: CP-83356-32589970 | C42: Composições Próprias | D42: TRANSPORTE COMERCIAL DE PEDRA RACHÃO | E42: M3XKM | F42: 5204.46 | G42: =M42 -> 1.12 | H42: 23.12 | I42: =ROUND(G42*ROUND(1+(H42/100),4),2) -> 1.38 | J42: =ROUND(ROUND(F42,2)*ROUND(I42,2),2) -> 7182.15 | L42: 1.28 | M42: =TRUNC(L42*0.88,2) -> 1.12
A43: 5.12 | B43: COMP-82259696 | C43: Composições Próprias | D43: PREENCHIMENTO DE JUNTAS COM SELANTE A BASE DE ASFALTO | E43: M | F43: 111.03 | G43: =M43 -> 8.56 | H43: 23.12 | I43: =ROUND(G43*ROUND(1+(H43/100),4),2) -> 10.54 | J43: =ROUND(ROUND(F43,2)*ROUND(I43,2),2) -> 1170.26 | L43: 9.73 | M43: =TRUNC(L43*0.88,2) -> 8.56
A44: 6 | B44: DRENAGEM PLUVIAL | G44: =ROUND(F45*G45,2)+ROUND(F46*G46,2)+ROUND(F47*G47,2)+ROUND(F48*G48,2)+ROUND(F49*G49,2) -> 57768.56 | J44: =ROUND(SUM(J45:J49),2) -> 71125.24 | L44: 65646.47 | M44: =TRUNC(L44*0.88,2) -> 57768.89
A45: 6.1 | B45: COMP-03122123 | C45: Composições Próprias | D45: CANALETA EM CONCRETO ARMADO FCK 25MPa NAS DIMENSÕES (0,40M X 0,40M), SEM LAJE DE TAMPA. | E45: m | F45: 127.55 | G45: =M45 -> 396.13 | H45: 23.12 | I45: =ROUND(G45*ROUND(1+(H45/100),4),2) -> 487.72 | J45: =ROUND(ROUND(F45,2)*ROUND(I45,2),2) -> 62208.69 | L45: 450.15 | M45: =TRUNC(L45*0.88,2) -> 396.13
A46: 6.2 | B46: COMP-68566617 | C46: Composições Próprias | D46: TAMPA EM CONCRETO ARMADO FCK 25MPa NAS DIMENSÕES (1,00M X 0,70M), BASEADA EM PROJETO TIPO PARA CONTENÇÃO DE ENCOSTAS, COM LANÇAMENTO EM FORMA MANUAL | E46: m | F46: 22.94 | G46: =M46 -> 271.24 | H46: 23.12 | I46: =ROUND(G46*ROUND(1+(H46/100),4),2) -> 333.95 | J46: =ROUND(ROUND(F46,2)*ROUND(I46,2),2) -> 7660.81 | L46: 308.23 | M46: =TRUNC(L46*0.88,2) -> 271.24
A47: 6.3 | B47: 94971 | C47: SINAPI | D47: CONCRETO FCK = 25MPA, TRAÇO 1:2,3:2,7 (EM MASSA SECA DE CIMENTO/ AREIA MÉDIA/ BRITA 1) - PREPARO MECÂNICO COM BETONEIRA 600 L. AF_05/2021 | E47: M3 | F47: 1.14 | G47: =M47 -> 428.79 | H47: 23.12 | I47: =ROUND(G47*ROUND(1+(H47/100),4),2) -> 527.93 | J47: =ROUND(ROUND(F47,2)*ROUND(I47,2),2) -> 601.84 | L47: 487.27 | M47: =TRUNC(L47*0.88,2) -> 428.79
A48: 6.4 | B48: CP-74157/004-48264518 | C48: Composições Próprias | D48: LANCAMENTO/APLICACAO MANUAL DE CONCRETO EM FUNDACOES (concreto magro) | E48: M3 | F48: 1.14 | G48: =M48 -> 132.03 | H48: 23.12 | I48: =ROUND(G48*ROUND(1+(H48/100),4),2) -> 162.56 | J48: =ROUND(ROUND(F48,2)*ROUND(I48,2),2) -> 185.32 | L48: 150.04 | M48: =TRUNC(L48*0.88,2) -> 132.03
A49: 6.5 | B49: 97086 | C49: SINAPI | D49: FABRICAÇÃO, MONTAGEM E DESMONTAGEM DE FORMA PARA RADIER, PISO DE CONCRETO OU LAJE SOBRE SOLO, EM MADEIRA SERRADA, 4 UTILIZAÇÕES. AF_09/2021 | E49: M2 | F49: 3.19 | G49: =M49 -> 119.31 | H49: 23.12 | I49: =ROUND(G49*ROUND(1+(H49/100),4),2) -> 146.89 | J49: =ROUND(ROUND(F49,2)*ROUND(I49,2),2) -> 468.58 | L49: 135.58 | M49: =TRUNC(L49*0.88,2) -> 119.31
A50: 7 | B50: REVESTIMENTO E PROTEÇÃO DA ENCOSTA | G50: =ROUND(F51*G51,2)+ROUND(F52*G52,2)+ROUND(F53*G53,2)+ROUND(F54*G54,2)+ROUND(F55*G55,2)+ROUND(F56*G56,2)+ROUND(F57*G57,2)+ROUND(F58*G58,2) -> 95323.32 | J50: =ROUND(SUM(J51:J58),2) -> 117357.1 | L50: 108333.96 | M50: =TRUNC(L50*0.88,2) -> 95333.88
A51: 7.1 | B51: CP-97084-89637704 | C51: Composições Próprias | D51: REGULARIZACAO E COMPACTAÇÃO MANUAL DE TERRENO COM PLACA VIBRATÓRIA | E51: M2 | F51: 729.69 | G51: =M51 -> 0.66 | H51: 23.12 | I51: =ROUND(G51*ROUND(1+(H51/100),4),2) -> 0.81 | J51: =ROUND(ROUND(F51,2)*ROUND(I51,2),2) -> 591.05 | L51: 0.75 | M51: =TRUNC(L51*0.88,2) -> 0.66
A52: 7.2 | B52: COMP-44028973 | C52: Composições Próprias | D52: EXECUÇÃO DE REVESTIMENTO DE CONCRETO PROJETADO COM ESPESSURA DE 4 CM, ARMADO COM TELA Q 138, INCLINAÇÃO MENOR QUE 90°, APLICAÇÃO DESCONTÍNUA, UTILIZANDO EQUIPAMENTO DE PROJEÇÃO COM 6 M³/H DE CAPACIDADE, INCLUSIVE GRAMPOS DE FIXAÇÃO DE TELA A CADA 2M | E52: M2 | F52: 729.69 | G52: =M52 -> 94.15 | H52: 23.12 | I52: =ROUND(G52*ROUND(1+(H52/100),4),2) -> 115.92 | J52: =ROUND(ROUND(F52,2)*ROUND(I52,2),2) -> 84585.66 | L52: 106.99 | M52: =TRUNC(L52*0.88,2) -> 94.15
A53: 7.3 | B53: CP-S03644-77614840 | C53: Composições Próprias | D53: Acabamento de superfície de piso de concreto com desempolamento manual | E53: m2 | F53: 729.69 | G53: =M53 -> 18.05 | H53: 23.12 | I53: =ROUND(G53*ROUND(1+(H53/100),4),2) -> 22.22 | J53: =ROUND(ROUND(F53,2)*ROUND(I53,2),2) -> 16213.71 | L53: 20.52 | M53: =TRUNC(L53*0.88,2) -> 18.05
A54: 7.4 | B54: 88489 | C54: SINAPI | D54: PINTURA LÁTEX ACRÍLICA PREMIUM, APLICAÇÃO MANUAL EM PAREDES, DUAS DEMÃOS. AF_04/2023 | E54: M2 | F54: 729.69 | G54: =M54 -> 11.91 | H54: 23.12 | I54: =ROUND(G54*ROUND(1+(H54/100),4),2) -> 14.66 | J54: =ROUND(ROUND(F54,2)*ROUND(I54,2),2) -> 10697.26 | L54: 13.54 | M54: =TRUNC(L54*0.88,2) -> 11.91
A55: 7.5 | B55: 96620 | C55: SINAPI | D55: LASTRO DE CONCRETO MAGRO, APLICADO EM PISOS, LAJES SOBRE SOLO OU RADIERS. AF_01/2024 | E55: M3 | F55: 0.48 | G55: =M55 -> 647.6 | H55: 23.12 | I55: =ROUND(G55*ROUND(1+(H55/100),4),2) -> 797.33 | J55: =ROUND(ROUND(F55,2)*ROUND(I55,2),2) -> 382.72 | L55: 735.91 | M55: =TRUNC(L55*0.88,2) -> 647.6
A56: 7.6 | B56: 103329 | C56: SINAPI | D56: ALVENARIA DE VEDAÇÃO DE BLOCOS CERÂMICOS FURADOS NA HORIZONTAL DE 9X19X19 CM (ESPESSURA 9 CM) E ARGAMASSA DE ASSENTAMENTO COM PREPARO MANUAL. AF_12/2021 | E56: M2 | F56: 28.76 | G56: =M56 -> 81.44 | H56: 23.12 | I56: =ROUND(G56*ROUND(1+(H56/100),4),2) -> 100.27 | J56: =ROUND(ROUND(F56,2)*ROUND(I56,2),2) -> 2883.77 | L56: 92.55 | M56: =TRUNC(L56*0.88,2) -> 81.44
A57: 7.7 | B57: 87893 | C57: SINAPI | D57: CHAPISCO APLICADO EM ALVENARIA (SEM PRESENÇA DE VÃOS) E ESTRUTURAS DE CONCRETO DE FACHADA, COM COLHER DE PEDREIRO. ARGAMASSA TRAÇO 1:3 COM PREPARO MANUAL. AF_10/2022 | E57: M2 | F57: 33.55 | G57: =M57 -> 6.59 | H57: 23.12 | I57: =ROUND(G57*ROUND(1+(H57/100),4),2) -> 8.11 | J57: =ROUND(ROUND(F57,2)*ROUND(I57,2),2) -> 272.09 | L57: 7.49 | M57: =TRUNC(L57*0.88,2) -> 6.59
A58: 7.8 | B58: 87794 | C58: SINAPI | D58: EMBOÇO OU MASSA ÚNICA EM ARGAMASSA TRAÇO 1:2:8, PREPARO MANUAL, APLICADA MANUALMENTE EM PANOS CEGOS DE FACHADA (SEM PRESENÇA DE VÃOS), ESPESSURA DE 25 MM. AF_09/2022 | E58: M2 | F58: 33.55 | G58: =M58 -> 41.9 | H58: 23.12 | I58: =ROUND(G58*ROUND(1+(H58/100),4),2) -> 51.59 | J58: =ROUND(ROUND(F58,2)*ROUND(I58,2),2) -> 1730.84 | L58: 47.62 | M58: =TRUNC(L58*0.88,2) -> 41.9
A59: 8 | B59: SERVIÇOS COMPLEMENTARES | G59: =ROUND(F60*G60,2)+ROUND(F61*G61,2)+ROUND(F62*G62,2) -> 32313.14 | J59: =ROUND(SUM(J60:J62),2) -> 39783.28 | L59: 36719.9 | M59: =TRUNC(L59*0.88,2) -> 32313.51
A60: 8.1 | B60: 94990 | C60: SINAPI | D60: EXECUÇÃO DE PASSEIO (CALÇADA) OU PISO DE CONCRETO COM CONCRETO MOLDADO IN LOCO, FEITO EM OBRA, ACABAMENTO CONVENCIONAL, NÃO ARMADO. AF_08/2022 | E60: M3 | F60: 21.41 | G60: =M60 -> 682.14 | H60: 23.12 | I60: =ROUND(G60*ROUND(1+(H60/100),4),2) -> 839.85 | J60: =ROUND(ROUND(F60,2)*ROUND(I60,2),2) -> 17981.19 | L60: 775.16 | M60: =TRUNC(L60*0.88,2) -> 682.14
A61: 8.2 | B61: CP-97084-89637704 | C61: Composições Próprias | D61: REGULARIZACAO E COMPACTAÇÃO MANUAL DE TERRENO COM PLACA VIBRATÓRIA | E61: M2 | F61: 305.81 | G61: =M61 -> 0.66 | H61: 23.12 | I61: =ROUND(G61*ROUND(1+(H61/100),4),2) -> 0.81 | J61: =ROUND(ROUND(F61,2)*ROUND(I61,2),2) -> 247.71 | L61: 0.75 | M61: =TRUNC(L61*0.88,2) -> 0.66
A62: 8.3 | B62: 99839 | C62: SINAPI | D62: GUARDA-CORPO DE AÇO GALVANIZADO DE 1,10M DE ALTURA, MONTANTES TUBULARES DE 1.1/2 ESPAÇADOS DE 1,20M, TRAVESSA SUPERIOR DE 2 , GRADIL FORMADO POR BARRAS CHATAS EM FERRO DE 32X4,8MM, FIXADO COM CHUMBADOR MECÂNICO. AF_04/2019_PS | E62: M | F62: 41.11 | G62: =M62 -> 425.85 | H62: 23.12 | I62: =ROUND(G62*ROUND(1+(H62/100),4),2) -> 524.31 | J62: =ROUND(ROUND(F62,2)*ROUND(I62,2),2) -> 21554.38 | L62: 483.93 | M62: =TRUNC(L62*0.88,2) -> 425.85
H63: VALOR BDI TOTAL: | J63: =J65-J64 -> 159592.59
H64: VALOR ORÇAMENTO: | J64: =SUMPRODUCT(ROUND(F9:F62,2),ROUND(G9:G62,2)) -> 697109.33
H65: VALOR TOTAL: | J65: =J9+J14+J22+J25+J31+J44+J50+J59 -> 856701.92 | M65: 856701.92
M67: =VALOR_TOTAL-M65 -> 0

Sheet caderno de composições
A5: COMPOSIÇÕES DE CUSTO
A7: 1.1. INS-32971826 MOBILIZAÇÃO DE CONTAINER (UND)
A8: Não cadastrado | C8: FONTE | D8: UNID | E8: COEFICIENTE | F8: PREÇO UNITÁRIO | G8: TOTAL
A9: INS-32971826 | B9: MOBILIZAÇÃO DE CONTAINER | D9: UND | E9: 1 | F9: =I10 -> 792 | G9: 792
E10: TOTAL Não cadastrado: | G10: =G9 -> 792 | I10: ='PLANILHA ORCAMENTARIA'!G10 -> 792
E11: VALOR: | G11: =G10 -> 792
A13: 1.2. INS-09244605 DESMOBILIZAÇÃO DE CONTAINER (UND)
A14: Não cadastrado | C14: FONTE | D14: UNID | E14: COEFICIENTE | F14: PREÇO UNITÁRIO | G14: TOTAL
A15: INS-09244605 | B15: DESMOBILIZAÇÃO DE CONTAINER | D15: UND | E15: 1 | F15: =I16 -> 792 | G15: 792
E16: TOTAL Não cadastrado: | G16: 792 | I16: ='PLANILHA ORCAMENTARIA'!G11 -> 792
E17: VALOR: | G17: 792
A19: 1.3. INS-91581640 LOCAÇÃO DE CONTAINER PARA ESCRITORIO SEM BANHEIRO - BDI = 10,89 (MES)
A20: Não cadastrado | C20: FONTE | D20: UNID | E20: COEFICIENTE | F20: PREÇO UNITÁRIO | G20: TOTAL
A21: INS-91581640 | B21: LOCAÇÃO DE CONTAINER PARA ESCRITORIO SEM BANHEIRO - BDI = 10,89 | D21: MES | E21: 1 | F21: =I22 -> 1056 | G21: 1056
E22: TOTAL Não cadastrado: | G22: 1056 | I22: ='PLANILHA ORCAMENTARIA'!G12 -> 1056
E23: VALOR: | G23: 1056
A25: 1.4. INS-33223766 LOCAÇÃO CONTAINER PARA ESCRITORIO COM BANHEIRO - BDI = 10,89 (MES)
A26: Não cadastrado | C26: FONTE | D26: UNID | E26: COEFICIENTE | F26: PREÇO UNITÁRIO | G26: TOTAL
A27: INS-33223766 | B27: LOCAÇÃO CONTAINER PARA ESCRITORIO COM BANHEIRO - BDI = 10,89 | D27: MES | E27: 1 | F27: =I28 -> 1144 | G27: 1144
E28: TOTAL Não cadastrado: | G28: 1144 | I28: ='PLANILHA ORCAMENTARIA'!G13 -> 1144
E29: VALOR: | G29: 1144
A31: 2.1. 103689 FORNECIMENTO E INSTALAÇÃO DE PLACA DE OBRA COM CHAPA GALVANIZADA E ESTRUTURA DE MADEIRA. AF_03/2022_PS (M2)
A32: Material | C32: FONTE | D32: UNID | E32: COEFICIENTE | F32: PREÇO UNITÁRIO | G32: TOTAL
A33: 00004813 | B33: PLACA DE OBRA (PARA CONSTRUCAO CIVIL) EM CHAPA GALVANIZADA *N. 22*, ADESIVADA, DE *2,4 X 1,2* M (SEM POSTES PARA FIXACAO) | C33: SINAPI | D33: M2 | E33: 1 | F33: 361.27204 | G33: =E33*F33 -> 361.27204
A34: 00005065 | B34: PREGO DE ACO POLIDO COM CABECA 10 X 10 (7/8 X 17) | C34: SINAPI | D34: KG | E34: 0.0113 | F34: 30.38 | G34: =E34*F34 -> 0.343294
A35: 00005069 | B35: PREGO DE ACO POLIDO COM CABECA 17 X 27 (2 1/2 X 11) | C35: SINAPI | D35: KG | E35: 0.0132 | F35: 16.28 | G35: =E35*F35 -> 0.214896
A36: 00004509 | B36: SARRAFO *2,5 X 10* CM EM PINUS, MISTA OU EQUIVALENTE DA REGIAO - BRUTA | C36: SINAPI | D36: M | E36: 3.2083 | F36: 5.41 | G36: =E36*F36 -> 17.356903
E37: TOTAL Material: | G37: =SUM(G33:G36) -> 379.18713
A38: Mão de Obra com Encargos Complementares | C38: FONTE | D38: UNID | E38: COEFICIENTE | F38: PREÇO UNITÁRIO | G38: TOTAL
A39: 88262 | B39: CARPINTEIRO DE FORMAS COM ENCARGOS COMPLEMENTARES | C39: SINAPI | D39: H | E39: 0.3729 | F39: 27.92 | G39: =E39*F39 -> 10.411368
A40: 88316 | B40: SERVENTE COM ENCARGOS COMPLEMENTARES | C40: SINAPI | D40: H | E40: 0.37 | F40: 22.95 | G40: =E40*F40 -> 8.4915
E41: TOTAL Mão de Obra com Encargos Complementares: | G41: =SUM(G39:G40) -> 18.902868
A42: Serviço | C42: FONTE | D42: UNID | E42: COEFICIENTE | F42: PREÇO UNITÁRIO | G42: TOTAL
A43: 102234 | B43: PINTURA IMUNIZANTE PARA MADEIRA, 2 DEMÃOS. AF_01/2021 | C43: SINAPI | D43: M2 | E43: 0.5 | F43: 23.54 | G43: =E43*F43 -> 11.77
E44: TOTAL Serviço: | G44: =G43 -> 11.77
E45: VALOR: | G45: =G44+G41+G37 -> 409.86 | I45: ='PLANILHA ORCAMENTARIA'!G15 -> 409.86 | J45: =G45-I45 -> 0 | K45: =F33-J45 -> 361.27204
A47: 2.2. 98524 LIMPEZA MANUAL DE VEGETAÇÃO EM TERRENO COM ENXADA. AF_03/2024 (M2)
A48: Mão de Obra com Encargos Complementares | C48: FONTE | D48: UNID | E48: COEFICIENTE | F48: PREÇO UNITÁRIO | G48: TOTAL
A49: 88316 | B49: SERVENTE COM ENCARGOS COMPLEMENTARES | C49: SINAPI | D49: H | E49: =I51/F49 -> 0.18736383 | F49: 22.95 | G49: =E49*F49 -> 4.3
E50: TOTAL Mão de Obra com Encargos Complementares: | G50: =G49 -> 4.3
E51: VALOR: | G51: =G50 -> 4.3 | I51: ='PLANILHA ORCAMENTARIA'!G16 -> 4.3 | J51: =G51-I51 -> 0 | K51: =F39-J51 -> 27.92
A53: 2.3. 98530 CORTE RASO E RECORTE DE ÁRVORE COM DIÂMETRO DE TRONCO MAIOR OU IGUAL A 0,40 M E MENOR QUE 0,60 M. AF_03/2024 (UN)
A54: Mão de Obra com Encargos Complementares | C54: FONTE | D54: UNID | E54: COEFICIENTE | F54: PREÇO UNITÁRIO | G54: TOTAL
A55: 88441 | B55: JARDINEIRO COM ENCARGOS COMPLEMENTARES | C55: SINAPI | D55: H | E55: 2.2639 | F55: 23.92 | G55: =E55*F55 -> 54.152488
A56: 88316 | B56: SERVENTE COM ENCARGOS COMPLEMENTARES | C56: SINAPI | D56: H | E56: 3.4617652 | F56: 22.95 | G56: =E56*F56 -> 79.447512
E57: TOTAL Mão de Obra com Encargos Complementares: | G57: =SUM(G55:G56) -> 133.6
E58: VALOR: | G58: =G57 -> 133.6 | I58: ='PLANILHA ORCAMENTARIA'!G17 -> 133.6 | J58: =G58-I58 -> 0 | K58: =G56-J58 -> 79.447512 | L58: =K58/F56 -> 3.4617652
A60: 2.4. 100206 TRANSPORTE HORIZONTAL COM JERICA DE 90 L, DE MASSA/ GRANEL (UNIDADE: M3XKM). AF_07/2019 (M3XKM)
A61: Mão de Obra com Encargos Complementares | C61: FONTE | D61: UNID | E61: COEFICIENTE | F61: PREÇO UNITÁRIO | G61: TOTAL
A62: 88316 | B62: SERVENTE COM ENCARGOS COMPLEMENTARES | C62: SINAPI | D62: H | E62: =I64/F62 -> 43.448802 | F62: 22.95 | G62: =E62*F62 -> 997.15
E63: TOTAL Mão de Obra com Encargos Complementares: | G63: =G62 -> 997.15
E64: VALOR: | G64: =G63 -> 997.15 | I64: ='PLANILHA ORCAMENTARIA'!G18 -> 997.15 | J64: =G64-I64 -> 0 | K64: =G62-J64 -> 997.15 | L64: =K64/F62 -> 43.448802
A66: 2.5. 100983 CARGA, MANOBRA E DESCARGA DE ENTULHO EM CAMINHÃO BASCULANTE 14 M³ - CARGA COM ESCAVADEIRA HIDRÁULICA (CAÇAMBA DE 0,80 M³ / 111 HP) E DESCARGA LIVRE (UNIDADE: M3). AF_07/2020 (M3)
A67: Equipamento Custo Horário | C67: FONTE | D67: UNID | E67: COEFICIENTE | F67: PREÇO UNITÁRIO | G67: TOTAL
A68: 89877 | B68: CAMINHÃO BASCULANTE 14 M3, COM CAVALO MECÂNICO DE CAPACIDADE MÁXIMA DE TRAÇÃO COMBINADO DE 36000 KG, POTÊNCIA 286 CV, INCLUSIVE SEMIREBOQUE COM CAÇAMBA METÁLICA - CHI DIURNO. AF_12/2014 | C68: SINAPI | D68: CHI | E68: 0.011 | F68: 79.68 | G68: =E68*F68 -> 0.87648
A69: 89876 | B69: CAMINHÃO BASCULANTE 14 M3, COM CAVALO MECÂNICO DE CAPACIDADE MÁXIMA DE TRAÇÃO COMBINADO DE 36000 KG, POTÊNCIA 286 CV, INCLUSIVE SEMIREBOQUE COM CAÇAMBA METÁLICA - CHP DIURNO. AF_12/2014 | C69: SINAPI | D69: CHP | E69: 0.0169 | F69: 325.17 | G69: =E69*F69 -> 5.495373
A70: 5632 | B70: ESCAVADEIRA HIDRÁULICA SOBRE ESTEIRAS, CAÇAMBA 0,80 M3, PESO OPERACIONAL 17 T, POTENCIA BRUTA 111 HP - CHI DIURNO. AF_06/2014 | C70: SINAPI | D70: CHI | E70: 0.0085 | F70: 85 | G70: =E70*F70 -> 0.7225
A71: 5631 | B71: ESCAVADEIRA HIDRÁULICA SOBRE ESTEIRAS, CAÇAMBA 0,80 M3, PESO OPERACIONAL 17 T, POTENCIA BRUTA 111 HP - CHP DIURNO. AF_06/2014 | C71: SINAPI | D71: CHP | E71: 0.0031628195 | F71: 210.46 | G71: =E71*F71 -> 0.665647
E72: TOTAL Equipamento Custo Horário: | G72: =SUM(G68:G71) -> 7.76
E73: VALOR: | G73: =G72 -> 7.76 | I73: ='PLANILHA ORCAMENTARIA'!G19 -> 7.76 | J73: =G73-I73 -> 0 | K73: =G71-J73 -> 0.665647 | L73: =K73/F71 -> 0.0031628195
A75: 2.6. 95876 TRANSPORTE COM CAMINHÃO BASCULANTE DE 14 M³, EM VIA URBANA PAVIMENTADA, DMT ATÉ 30 KM (UNIDADE: M3XKM). AF_07/2020 (M3XKM)
A76: Equipamento Custo Horário | C76: FONTE | D76: UNID | E76: COEFICIENTE | F76: PREÇO UNITÁRIO | G76: TOTAL
A77: 89877 | B77: CAMINHÃO BASCULANTE 14 M3, COM CAVALO MECÂNICO DE CAPACIDADE MÁXIMA DE TRAÇÃO COMBINADO DE 36000 KG, POTÊNCIA 286 CV, INCLUSIVE SEMIREBOQUE COM CAÇAMBA METÁLICA - CHI DIURNO. AF_12/2014 | C77: SINAPI | D77: CHI | E77: 0.0025 | F77: 79.68 | G77: =E77*F77 -> 0.1992
A78: 89876 | B78: CAMINHÃO BASCULANTE 14 M3, COM CAVALO MECÂNICO DE CAPACIDADE MÁXIMA DE TRAÇÃO COMBINADO DE 36000 KG, POTÊNCIA 286 CV, INCLUSIVE SEMIREBOQUE COM CAÇAMBA METÁLICA - CHP DIURNO. AF_12/2014 | C78: SINAPI | D78: CHP | E78: 0.005045976 | F78: 325.17 | G78: =E78*F78 -> 1.6408
E79: TOTAL Equipamento Custo Horário: | G79: =SUM(G77:G78) -> 1.84
E80: VALOR: | G80: =G79 -> 1.84 | I80: ='PLANILHA ORCAMENTARIA'!G20 -> 1.84 | J80: =G80-I80 -> 0 | K80: =G78-J80 -> 1.6408 | L80: =K80/F78 -> 0.005045976
A82: 2.7. COMP-64451533 SERVICOS TOPOGRAFICOS PARA PAVIMENTACAO, INCLUSIVE NOTA DE SERVICOS, ACOMPANHAMENTO E GREIDE (M²)
A83: Não cadastrado | C83: FONTE | D83: UNID | E83: COEFICIENTE | F83: PREÇO UNITÁRIO | G83: TOTAL
A84: 92145 | B84: CAMINHONETE CABINE SIMPLES COM MOTOR 1.6 FLEX, CÂMBIO MANUAL, POTÊNCIA 101/104 CV, 2 PORTAS - CHP DIURNO. AF_11/2015 | C84: SINAPI | D84: CHP | E84: 0.00027341878 | F84: 79.35 | G84: =E84*F84 -> 0.02169578
E85: TOTAL Equipamento Custo Horário: | G85: =SUM(G84) -> 0.02169578
A86: 00004460 | B86: SARRAFO NAO APARELHADO *2,5 X 10* CM, EM MACARANDUBA/MASSARANDUBA, ANGELIM OU EQUIVALENTE DA REGIAO - BRUTA | C86: SINAPI | D86: M | E86: 0.002886 | F86: 10.27 | G86: =E86*F86 -> 0.02963922
E87: TOTAL material | G87: =SUM(G86) -> 0.02963922
A88: 88253 | B88: AUXILIAR DE TOPÓGRAFO COM ENCARGOS COMPLEMENTARES | C88: SINAPI | D88: H | E88: 0.0025 | F88: 15.75 | G88: =E88*F88 -> 0.039375
A89: 90775 | B89: DESENHISTA PROJETISTA COM ENCARGOS COMPLEMENTARES | C89: SINAPI | D89: H | E89: 0.002 | F89: 24.62 | G89: =E89*F89 -> 0.04924
A90: 88288 | B90: NIVELADOR COM ENCARGOS COMPLEMENTARES | C90: SINAPI | D90: H | E90: 0.0025 | F90: 19.17 | G90: =E90*F90 -> 0.047925
A91: 88316 | B91: SERVENTE COM ENCARGOS COMPLEMENTARES | C91: SINAPI | D91: H | E91: 0.0075 | F91: 22.95 | G91: =E91*F91 -> 0.172125
E92: TOTAL Não cadastrado: | G92: =SUM(G88:G91) -> 0.308665
E93: VALOR: | G93: =G92+G87+G85 -> 0.36 | I93: ='PLANILHA ORCAMENTARIA'!G21 -> 0.36 | J93: =G93-I93 -> 0
A95: 3.1. 93565 ENGENHEIRO CIVIL DE OBRA JUNIOR COM ENCARGOS COMPLEMENTARES (MES)
A96: Encargos Complementares | C96: FONTE | D96: UNID | E96: COEFICIENTE | F96: PREÇO UNITÁRIO | G96: TOTAL
A97: 00043498 | B97: EPI - FAMILIA ENGENHEIRO CIVIL - MENSALISTA (ENCARGOS COMPLEMENTARES - COLETADO CAIXA) | C97: SINAPI | D97: MES | E97: 1 | F97: 174.09536 | G97: =E97*F97 -> 174.09536
A98: 00040863 | B98: EXAMES - MENSALISTA (COLETADO CAIXA - ENCARGOS COMPLEMENTARES) | C98: SINAPI | D98: MES | E98: 1 | F98: 270.51 | G98: =E98*F98 -> 270.51
A99: 00043474 | B99: FERRAMENTAS - FAMILIA ENGENHEIRO CIVIL - MENSALISTA (ENCARGOS COMPLEMENTARES - COLETADO CAIXA) | C99: SINAPI | D99: MES | E99: 1 | F99: 2.35 | G99: =E99*F99 -> 2.35
A100: 00040864 | B100: SEGURO - MENSALISTA (COLETADO CAIXA - ENCARGOS COMPLEMENTARES) | C100: SINAPI | D100: MES | E100: 1 | F100: 15.46 | G100: =E100*F100 -> 15.46
E101: TOTAL Encargos Complementares: | G101: =SUM(G97:G100) -> 462.41536
A102: Mão de Obra | C102: FONTE | D102: UNID | E102: COEFICIENTE | F102: PREÇO UNITÁRIO | G102: TOTAL
A103: 00040811 | B103: ENGENHEIRO CIVIL DE OBRA JUNIOR (MENSALISTA) | C103: SINAPI | D103: MES | E103: 1 | F103: 19422.18 | G103: =E103*F103 -> 19422.18
E104: TOTAL Mão de Obra: | G104: =SUM(G103) -> 19422.18
A105: Serviço | C105: FONTE | D105: UNID | E105: COEFICIENTE | F105: PREÇO UNITÁRIO | G105: TOTAL
A106: 95415 | B106: CURSO DE CAPACITAÇÃO PARA ENGENHEIRO CIVIL DE OBRA JÚNIOR (ENCARGOS COMPLEMENTARES) - MENSALISTA | C106: SINAPI | D106: MES | E106: 1 | F106: =auxiliares!G286 -> 215.97464 | G106: =E106*F106 -> 215.97464
E107: TOTAL Serviço: | G107: =SUM(G106) -> 215.97464
E108: VALOR: | G108: =G107+G104+G101 -> 20100.57 | I108: ='PLANILHA ORCAMENTARIA'!G23 -> 20100.57 | J108: =I108-G108 -> 0 | K108: =G97+J108 -> 174.09536
A110: 3.2. 93572 ENCARREGADO GERAL DE OBRAS COM ENCARGOS COMPLEMENTARES (MES)
A111: Encargos Complementares | C111: FONTE | D111: UNID | E111: COEFICIENTE | F111: PREÇO UNITÁRIO | G111: TOTAL
A112: 00043499 | B112: EPI - FAMILIA ENCARREGADO GERAL - MENSALISTA (ENCARGOS COMPLEMENTARES - COLETADO CAIXA) | C112: SINAPI | D112: MES | E112: 1 | F112: 254.14712 | G112: =E112*F112 -> 254.14712
A113: 00040863 | B113: EXAMES - MENSALISTA (COLETADO CAIXA - ENCARGOS COMPLEMENTARES) | C113: SINAPI | D113: MES | E113: 1 | F113: 270.51 | G113: =E113*F113 -> 270.51
A114: 00043475 | B114: FERRAMENTAS - FAMILIA ENCARREGADO GERAL - MENSALISTA (ENCARGOS COMPLEMENTARES - COLETADO CAIXA) | C114: SINAPI | D114: MES | E114: 1 | F114: 15.46 | G114: =E114*F114 -> 15.46
A115: 00040864 | B115: SEGURO - MENSALISTA (COLETADO CAIXA - ENCARGOS COMPLEMENTARES) | C115: SINAPI | D115: MES | E115: 1 | F115: 15.46 | G115: =E115*F115 -> 15.46
E116: TOTAL Encargos Complementares: | G116: =SUM(G112:G115) -> 555.57712
A117: Mão de Obra | C117: FONTE | D117: UNID | E117: COEFICIENTE | F117: PREÇO UNITÁRIO | G117: TOTAL
...

Sheet auxiliares
A5: COMPOSIÇÕES DE CUSTO- AUXILIARES
A7: 88239 AJUDANTE DE CARPINTEIRO COM ENCARGOS COMPLEMENTARES (H)
A8: Encargos Complementares | C8: FONTE | D8: UNID | E8: COEFICIENTE | F8: PREÇO UNITÁRIO | G8: TOTAL
A9: 00037370 | B9: ALIMENTACAO - HORISTA (COLETADO CAIXA - ENCARGOS COMPLEMENTARES) | C9: SINAPI | D9: H | E9: 1 | F9: 2.79 | G9: 2.79
A10: 00043483 | B10: EPI - FAMILIA CARPINTEIRO DE FORMAS - HORISTA (ENCARGOS COMPLEMENTARES - COLETADO CAIXA) | C10: SINAPI | D10: H | E10: 1 | F10: 1.43 | G10: 1.43
A11: 00037372 | B11: EXAMES - HORISTA (COLETADO CAIXA - ENCARGOS COMPLEMENTARES) | C11: SINAPI | D11: H | E11: 1 | F11: 1.43 | G11: 1.43
A12: 00043459 | B12: FERRAMENTAS - FAMILIA CARPINTEIRO DE FORMAS - HORISTA (ENCARGOS COMPLEMENTARES - COLETADO CAIXA) | C12: SINAPI | D12: H | E12: 1 | F12: 0.44 | G12: 0.44
A13: 00037373 | B13: SEGURO - HORISTA (COLETADO CAIXA - ENCARGOS COMPLEMENTARES) | C13: SINAPI | D13: H | E13: 1 | F13: 0.08 | G13: 0.08
A14: 00037371 | B14: TRANSPORTE - HORISTA (COLETADO CAIXA - ENCARGOS COMPLEMENTARES) | C14: SINAPI | D14: H | E14: 1 | F14: 0.54 | G14: 0.54
E15: TOTAL Encargos Complementares: | G15: 6.71
A16: Mão de Obra | C16: FONTE | D16: UNID | E16: COEFICIENTE | F16: PREÇO UNITÁRIO | G16: TOTAL
A17: 00006117 | B17: CARPINTEIRO AUXILIAR (HORISTA) | C17: SINAPI | D17: H | E17: 1 | F17: 16.74 | G17: 16.74
E18: TOTAL Mão de Obra: | G18: 16.74
A19: Serviço | C19: FONTE | D19: UNID | E19: COEFICIENTE | F19: PREÇO UNITÁRIO | G19: TOTAL
A20: 95309 | B20: CURSO DE CAPACITAÇÃO PARA AJUDANTE DE CARPINTEIRO (ENCARGOS COMPLEMENTARES) - HORISTA | C20: SINAPI | D20: H | E20: 1 | F20: 0.24 | G20: 0.24
E21: TOTAL Serviço: | G21: 0.24
E22: VALOR: | G22: 23.69
A24: 87369 ARGAMASSA TRAÇO 1:2:8 (EM VOLUME DE CIMENTO, CAL E AREIA MÉDIA ÚMIDA) PARA EMBOÇO/MASSA ÚNICA/ASSENTAMENTO DE ALVENARIA DE VEDAÇÃO, PREPARO MANUAL. AF_08/2019 (M3)
A25: Material | C25: FONTE | D25: UNID | E25: COEFICIENTE | F25: PREÇO UNITÁRIO | G25: TOTAL
A26: 00000370 | B26: AREIA MEDIA - POSTO JAZIDA/FORNECEDOR (RETIRADO NA JAZIDA, SEM TRANSPORTE) | C26: SINAPI | D26: M3 | E26: 1.14 | F26: 130 | G26: 148.2
A27: 00001106 | B27: CAL HIDRATADA CH-I PARA ARGAMASSAS | C27: SINAPI | D27: KG | E27: 171.13 | F27: 1.6 | G27: 273.8
A28: 00001379 | B28: CIMENTO PORTLAND COMPOSTO CP II-32 | C28: SINAPI | D28: KG | E28: 192.52 | F28: 0.7 | G28: 134.76
E29: TOTAL Material: | G29: 556.76
A30: Mão de Obra com Encargos Complementares | C30: FONTE | D30: UNID | E30: COEFICIENTE | F30: PREÇO UNITÁRIO | G30: TOTAL
A31: 88316 | B31: SERVENTE COM ENCARGOS COMPLEMENTARES | C31: SINAPI | D31: H | E31: 11.1 | F31: 22.95 | G31: 254.74
E32: TOTAL Mão de Obra com Encargos Complementares: | G32: 254.74
E33: VALOR: | G33: 811.5
A35: 87377 ARGAMASSA TRAÇO 1:3 (EM VOLUME DE CIMENTO E AREIA GROSSA ÚMIDA) PARA CHAPISCO CONVENCIONAL, PREPARO MANUAL. AF_08/2019 (M3)
A36: Material | C36: FONTE | D36: UNID | E36: COEFICIENTE | F36: PREÇO UNITÁRIO | G36: TOTAL
A37: 00000367 | B37: AREIA GROSSA - POSTO JAZIDA/FORNECEDOR (RETIRADO NA JAZIDA, SEM TRANSPORTE) | C37: SINAPI | D37: M3 | E37: 0.94 | F37: 131.69 | G37: 123.78
A38: 00001379 | B38: CIMENTO PORTLAND COMPOSTO CP II-32 | C38: SINAPI | D38: KG | E38: 422.63 | F38: 0.7 | G38: 295.84
E39: TOTAL Material: | G39: 419.62
A40: Mão de Obra com Encargos Complementares | C40: FONTE | D40: UNID | E40: COEFICIENTE | F40: PREÇO UNITÁRIO | G40: TOTAL
A41: 88316 | B41: SERVENTE COM ENCARGOS COMPLEMENTARES | C41: SINAPI | D41: H | E41: 11.02 | F41: 22.95 | G41: 252.9
E42: TOTAL Mão de Obra com Encargos Complementares: | G42: 252.9
E43: VALOR: | G43: 672.52
A45: 88629 ARGAMASSA TRAÇO 1:3 (EM VOLUME DE CIMENTO E AREIA MÉDIA ÚMIDA), PREPARO MANUAL. AF_08/2019 (M3)
A46: Material | C46: FONTE | D46: UNID | E46: COEFICIENTE | F46: PREÇO UNITÁRIO | G46: TOTAL
A47: 00000370 | B47: AREIA MEDIA - POSTO JAZIDA/FORNECEDOR (RETIRADO NA JAZIDA, SEM TRANSPORTE) | C47: SINAPI | D47: M3 | E47: 1.07 | F47: 130 | G47: 139.1
A48: 00001379 | B48: CIMENTO PORTLAND COMPOSTO CP II-32 | C48: SINAPI | D48: KG | E48: 482.96 | F48: 0.7 | G48: 338.07
E49: TOTAL Material: | G49: 477.17
A50: Mão de Obra com Encargos Complementares | C50: FONTE | D50: UNID | E50: COEFICIENTE | F50: PREÇO UNITÁRIO | G50: TOTAL
A51: 88316 | B51: SERVENTE COM ENCARGOS COMPLEMENTARES | C51: SINAPI | D51: H | E51: 8.57 | F51: 22.95 | G51: 196.68
E52: TOTAL Mão de Obra com Encargos Complementares: | G52: 196.68
E53: VALOR: | G53: 673.85
A55: 88251 AUXILIAR DE SERRALHEIRO COM ENCARGOS COMPLEMENTARES (H)
A56: Encargos Complementares | C56: FONTE | D56: UNID | E56: COEFICIENTE | F56: PREÇO UNITÁRIO | G56: TOTAL
A57: 00037370 | B57: ALIMENTACAO - HORISTA (COLETADO CAIXA - ENCARGOS COMPLEMENTARES) | C57: SINAPI | D57: H | E57: 1 | F57: 2.79 | G57: 2.79
A58: 00043489 | B58: EPI - FAMILIA PEDREIRO - HORISTA (ENCARGOS COMPLEMENTARES - COLETADO CAIXA) | C58: SINAPI | D58: H | E58: 1 | F58: 1.31 | G58: 1.31
A59: 00037372 | B59: EXAMES - HORISTA (COLETADO CAIXA - ENCARGOS COMPLEMENTARES) | C59: SINAPI | D59: H | E59: 1 | F59: 1.43 | G59: 1.43
A60: 00043465 | B60: FERRAMENTAS - FAMILIA PEDREIRO - HORISTA (ENCARGOS COMPLEMENTARES - COLETADO CAIXA) | C60: SINAPI | D60: H | E60: 1 | F60: 0.78 | G60: 0.78
A61: 00037373 | B61: SEGURO - HORISTA (COLETADO CAIXA - ENCARGOS COMPLEMENTARES) | C61: SINAPI | D61: H | E61: 1 | F61: 0.08 | G61: 0.08
A62: 00037371 | B62: TRANSPORTE - HORISTA (COLETADO CAIXA - ENCARGOS COMPLEMENTARES) | C62: SINAPI | D62: H | E62: 1 | F62: 0.54 | G62: 0.54
E63: TOTAL Encargos Complementares: | G63: 6.93
A64: Mão de Obra | C64: FONTE | D64: UNID | E64: COEFICIENTE | F64: PREÇO UNITÁRIO | G64: TOTAL
A65: 00000252 | B65: AJUDANTE DE SERRALHEIRO (HORISTA) | C65: SINAPI | D65: H | E65: 1 | F65: 16.74 | G65: 16.74
E66: TOTAL Mão de Obra: | G66: 16.74
A67: Serviço | C67: FONTE | D67: UNID | E67: COEFICIENTE | F67: PREÇO UNITÁRIO | G67: TOTAL
A68: 95320 | B68: CURSO DE CAPACITAÇÃO PARA AUXILIAR DE SERRALHEIRO (ENCARGOS COMPLEMENTARES) - HORISTA | C68: SINAPI | D68: H | E68: 1 | F68: 0.19 | G68: 0.19
E69: TOTAL Serviço: | G69: 0.19
E70: VALOR: | G70: 23.86
A72: 88831 BETONEIRA CAPACIDADE NOMINAL DE 400 L, CAPACIDADE DE MISTURA 280 L, MOTOR ELÉTRICO TRIFÁSICO POTÊNCIA DE 2 CV, SEM CARREGADOR - CHI DIURNO. AF_05/2023 (CHI)
A73: Serviço | C73: FONTE | D73: UNID | E73: COEFICIENTE | F73: PREÇO UNITÁRIO | G73: TOTAL
A74: 88826 | B74: BETONEIRA CAPACIDADE NOMINAL DE 400 L, CAPACIDADE DE MISTURA 280 L, MOTOR ELÉTRICO TRIFÁSICO POTÊNCIA DE 2 CV, SEM CARREGADOR - DEPRECIAÇÃO. AF_05/2023 | C74: SINAPI | D74: H | E74: 1 | F74: 0.36 | G74: 0.36
A75: 88827 | B75: BETONEIRA CAPACIDADE NOMINAL DE 400 L, CAPACIDADE DE MISTURA 280 L, MOTOR ELÉTRICO TRIFÁSICO POTÊNCIA DE 2 CV, SEM CARREGADOR - JUROS. AF_05/2023 | C75: SINAPI | D75: H | E75: 1 | F75: 0.08 | G75: 0.08
E76: TOTAL Serviço: | G76: 0.44
E77: VALOR: | G77: 0.44
A79: 88830 BETONEIRA CAPACIDADE NOMINAL DE 400 L, CAPACIDADE DE MISTURA 280 L, MOTOR ELÉTRICO TRIFÁSICO POTÊNCIA DE 2 CV, SEM CARREGADOR - CHP DIURNO. AF_05/2023 (CHP)
A80: Serviço | C80: FONTE | D80: UNID | E80: COEFICIENTE | F80: PREÇO UNITÁRIO | G80: TOTAL
A81: 88826 | B81: BETONEIRA CAPACIDADE NOMINAL DE 400 L, CAPACIDADE DE MISTURA 280 L, MOTOR ELÉTRICO TRIFÁSICO POTÊNCIA DE 2 CV, SEM CARREGADOR - DEPRECIAÇÃO. AF_05/2023 | C81: SINAPI | D81: H | E81: 1 | F81: 0.36 | G81: 0.36
A82: 88827 | B82: BETONEIRA CAPACIDADE NOMINAL DE 400 L, CAPACIDADE DE MISTURA 280 L, MOTOR ELÉTRICO TRIFÁSICO POTÊNCIA DE 2 CV, SEM CARREGADOR - JUROS. AF_05/2023 | C82: SINAPI | D82: H | E82: 1 | F82: 0.08 | G82: 0.08
A83: 88828 | B83: BETONEIRA CAPACIDADE NOMINAL DE 400 L, CAPACIDADE DE MISTURA 280 L, MOTOR ELÉTRICO TRIFÁSICO POTÊNCIA DE 2 CV, SEM CARREGADOR - MANUTENÇÃO. AF_05/2023 | C83: SINAPI | D83: H | E83: 1 | F83: 0.39 | G83: 0.39
A84: 88829 | B84: BETONEIRA CAPACIDADE NOMINAL DE 400 L, CAPACIDADE DE MISTURA 280 L, MOTOR ELÉTRICO TRIFÁSICO POTÊNCIA DE 2 CV, SEM CARREGADOR - MATERIAIS NA OPERAÇÃO. AF_05/2023 | C84: SINAPI | D84: H | E84: 1 | F84: 1.22 | G84: 1.22
E85: TOTAL Serviço: | G85: 2.05
E86: VALOR: | G86: 2.05
A88: 88826 BETONEIRA CAPACIDADE NOMINAL DE 400 L, CAPACIDADE DE MISTURA 280 L, MOTOR ELÉTRICO TRIFÁSICO POTÊNCIA DE 2 CV, SEM CARREGADOR - DEPRECIAÇÃO. AF_05/2023 (H)
A89: Equipamento | C89: FONTE | D89: UNID | E89: COEFICIENTE | F89: PREÇO UNITÁRIO | G89: TOTAL
A90: 00010535 | B90: BETONEIRA CAPACIDADE NOMINAL 400 L, CAPACIDADE DE MISTURA 280 L, MOTOR ELETRICO TRIFASICO 220/380 V POTENCIA 2 CV, SEM CARREGADOR | C90: SINAPI | D90: UN | E90: 6.4e-05 | F90: 5699.9 | G90: 0.36
E91: TOTAL Equipamento: | G91: 0.36
E92: VALOR: | G92: 0.36
A94: 88827 BETONEIRA CAPACIDADE NOMINAL DE 400 L, CAPACIDADE DE MISTURA 280 L, MOTOR ELÉTRICO TRIFÁSICO POTÊNCIA DE 2 CV, SEM CARREGADOR - JUROS. AF_05/2023 (H)
A95: Equipamento | C95: FONTE | D95: UNID | E95: COEFICIENTE | F95: PREÇO UNITÁRIO | G95: TOTAL
A96: 00010535 | B96: BETONEIRA CAPACIDADE NOMINAL 400 L, CAPACIDADE DE MISTURA 280 L, MOTOR ELETRICO TRIFASICO 220/380 V POTENCIA 2 CV, SEM CARREGADOR | C96: SINAPI | D96: UN | E96: 1.48e-05 | F96: 5699.9 | G96: 0.08
E97: TOTAL Equipamento: | G97: 0.08
E98: VALOR: | G98: 0.08
A100: 88828 BETONEIRA CAPACIDADE NOMINAL DE 400 L, CAPACIDADE DE MISTURA 280 L, MOTOR ELÉTRICO TRIFÁSICO POTÊNCIA DE 2 CV, SEM CARREGADOR - MANUTENÇÃO. AF_05/2023 (H)
A101: Equipamento | C101: FONTE | D101: UNID | E101: COEFICIENTE | F101: PREÇO UNITÁRIO | G101: TOTAL
A102: 00010535 | B102: BETONEIRA CAPACIDADE NOMINAL 400 L, CAPACIDADE DE MISTURA 280 L, MOTOR ELETRICO TRIFASICO 220/380 V POTENCIA 2 CV, SEM CARREGADOR | C102: SINAPI | D102: UN | E102: 7e-05 | F102: 5699.9 | G102: 0.39
E103: TOTAL Equipamento: | G103: 0.39
E104: VALOR: | G104: 0.39
A106: 88829 BETONEIRA CAPACIDADE NOMINAL DE 400 L, CAPACIDADE DE MISTURA 280 L, MOTOR ELÉTRICO TRIFÁSICO POTÊNCIA DE 2 CV, SEM CARREGADOR - MATERIAIS NA OPERAÇÃO. AF_05/2023 (H)
A107: Especiais | C107: FONTE | D107: UNID | E107: COEFICIENTE | F107: PREÇO UNITÁRIO | G107: TOTAL
A108: 00002705 | B108: ENERGIA ELETRICA ATE 2000 KWH INDUSTRIAL, SEM DEMANDA | C108: SINAPI | D108: KWH | E108: 1.25 | F108: 0.98 | G108: 1.22
E109: TOTAL Especiais: | G109: 1.22
E110: VALOR: | G110: 1.22
A112: 89226 BETONEIRA CAPACIDADE NOMINAL DE 600 L, CAPACIDADE DE MISTURA 360 L, MOTOR ELÉTRICO TRIFÁSICO POTÊNCIA DE 4 CV, SEM CARREGADOR - CHI DIURNO. AF_05/2023 (CHI)
A113: Serviço | C113: FONTE | D113: UNID | E113: COEFICIENTE | F113: PREÇO UNITÁRIO | G113: TOTAL
A114: 89221 | B114: BETONEIRA CAPACIDADE NOMINAL DE 600 L, CAPACIDADE DE MISTURA 360 L, MOTOR ELÉTRICO TRIFÁSICO POTÊNCIA DE 4 CV, SEM CARREGADOR - DEPRECIAÇÃO. AF_05/2023 | C114: SINAPI | D114: H | E114: 1 | F114: 1.48 | G114: 1.48
A115: 89222 | B115: BETONEIRA CAPACIDADE NOMINAL DE 600 L, CAPACIDADE DE MISTURA 360 L, MOTOR ELÉTRICO TRIFÁSICO POTÊNCIA DE 4 CV, SEM CARREGADOR - JUROS. AF_05/2023 | C115: SINAPI | D115: H | E115: 1 | F115: 0.34 | G115: 0.34
E116: TOTAL Serviço: | G116: 1.82
...

Sheet CRONOGRAMA
A6: ITEM | B6: DESCRIÇÃO | C6: VALOR (R$) | D6: MÊS 1 | E6: MÊS 2 | F6: MÊS 3 | G6: MÊS 4 | H6: MÊS 5 | J6: MÊS 6 | K6: Total parcela
A7: 1 | B7: INSTALAÇÕES PROVISÓRIAS | C7: =RESUMO!D10 -> 18537.92 | D7: 0.167 | E7: 0.167 | F7: 0.167 | G7: 0.167 | H7: 0.167 | J7: 0.165 | K7: =SUM(D7:J7) -> 1
D8: =IF(D7>0,ROUND(C7*D7,2),"") -> 3095.83 | E8: =IF(E7>0,IF(AND(SUM(D7:E7)=1,K7=1),C7-SUM(D8:D8),ROUND(C7*E7,2)),"") -> 3095.83 | F8: =IF(F7>0,IF(AND(SUM(D7:F7)=1,K7=1),C7-SUM(D8:E8),ROUND(C7*F7,2)),"") -> 3095.83 | G8: =IF(G7>0,IF(AND(SUM(D7:G7)=1,K7=1),C7-SUM(D8:F8),ROUND(C7*G7,2)),"") -> 3095.83 | H8: =IF(H7>0,IF(AND(SUM(D7:H7)=1,K7=1),C7-SUM(D8:G8),ROUND(C7*H7,2)),"") -> 3095.83 | I8: =IF(I7>0,IF(AND(SUM(D7:I7)=1,K7=1),C7-SUM(D8:H8),ROUND(C7*I7,2)),"") | J8: =IF(J7>0,IF(AND(SUM(D7:J7)=1,K7=1),C7-SUM(D8:I8),ROUND(C7*J7,2)),"") -> 3058.77 | K8: =SUM(D8:J8) -> 18537.92
A9: 2 | B9: SERVIÇOS PRELIMINARES | C9: =RESUMO!D11 -> 28786.73 | D9: 0.6 | E9: 0.4 | K9: =SUM(D9:J9) -> 1
D10: =IF(D9>0,ROUND(C9*D9,2),"") -> 17272.04 | E10: =IF(E9>0,IF(AND(SUM(D9:E9)=1,K9=1),C9-SUM(D10:D10),ROUND(C9*E9,2)),"") -> 11514.69 | F10: =IF(F9>0,IF(AND(SUM(D9:F9)=1,K9=1),C9-SUM(D10:E10),ROUND(C9*F9,2)),"") | G10: =IF(G9>0,IF(AND(SUM(D9:G9)=1,K9=1),C9-SUM(D10:F10),ROUND(C9*G9,2)),"") | H10: =IF(H9>0,IF(AND(SUM(D9:H9)=1,K9=1),C9-SUM(D10:G10),ROUND(C9*H9,2)),"") | I10: =IF(I9>0,IF(AND(SUM(D9:I9)=1,K9=1),C9-SUM(D10:H10),ROUND(C9*I9,2)),"") | J10: =IF(J9>0,IF(AND(SUM(D9:J9)=1,K9=1),C9-SUM(D10:I10),ROUND(C9*J9,2)),"") | K10: =SUM(D10:J10) -> 28786.73
A11: 3 | B11: ADMINISTRAÇAO LOCAL DA OBRA | C11: =RESUMO!D12 -> 29615.98 | D11: 0.167 | E11: 0.167 | F11: 0.167 | G11: 0.167 | H11: 0.167 | J11: 0.165 | K11: =SUM(D11:J11) -> 1
D12: =IF(D11>0,ROUND(C11*D11,2),"") -> 4945.87 | E12: =IF(E11>0,IF(AND(SUM(D11:E11)=1,K11=1),C11-SUM(D12:D12),ROUND(C11*E11,2)),"") -> 4945.87 | F12: =IF(F11>0,IF(AND(SUM(D11:F11)=1,K11=1),C11-SUM(D12:E12),ROUND(C11*F11,2)),"") -> 4945.87 | G12: =IF(G11>0,IF(AND(SUM(D11:G11)=1,K11=1),C11-SUM(D12:F12),ROUND(C11*G11,2)),"") -> 4945.87 | H12: =IF(H11>0,IF(AND(SUM(D11:H11)=1,K11=1),C11-SUM(D12:G12),ROUND(C11*H11,2)),"") -> 4945.87 | I12: =IF(I11>0,IF(AND(SUM(D11:I11)=1,K11=1),C11-SUM(D12:H12),ROUND(C11*I11,2)),"") | J12: =IF(J11>0,IF(AND(SUM(D11:J11)=1,K11=1),C11-SUM(D12:I12),ROUND(C11*J11,2)),"") -> 4886.63 | K12: =SUM(D12:J12) -> 29615.98
A13: 4 | B13: TERRAPLENAGEM | C13: =RESUMO!D13 -> 277343.75 | D13: 0.3 | E13: 0.3 | F13: 0.4 | K13: =SUM(D13:J13) -> 1
D14: =IF(D13>0,ROUND(C13*D13,2),"") -> 83203.13 | E14: =IF(E13>0,IF(AND(SUM(D13:E13)=1,K13=1),C13-SUM(D14:D14),ROUND(C13*E13,2)),"") -> 83203.13 | F14: =IF(F13>0,IF(AND(SUM(D13:F13)=1,K13=1),C13-SUM(D14:E14),ROUND(C13*F13,2)),"") -> 110937.49 | G14: =IF(G13>0,IF(AND(SUM(D13:G13)=1,K13=1),C13-SUM(D14:F14),ROUND(C13*G13,2)),"") | H14: =IF(H13>0,IF(AND(SUM(D13:H13)=1,K13=1),C13-SUM(D14:G14),ROUND(C13*H13,2)),"") | I14: =IF(I13>0,IF(AND(SUM(D13:I13)=1,K13=1),C13-SUM(D14:H14),ROUND(C13*I13,2)),"") | J14: =IF(J13>0,IF(AND(SUM(D13:J13)=1,K13=1),C13-SUM(D14:I14),ROUND(C13*J13,2)),"") | K14: =SUM(D14:J14) -> 277343.75
A15: 5 | B15: CONTENÇÃO DE ENCOSTA | C15: =RESUMO!D14 -> 274151.92 | E15: 0.2 | F15: 0.2 | G15: 0.4 | H15: 0.2 | K15: =SUM(D15:J15) -> 1
D16: =IF(D15>0,ROUND(C15*D15,2),"") | E16: =IF(E15>0,IF(AND(SUM(D15:E15)=1,K15=1),C15-SUM(D16:D16),ROUND(C15*E15,2)),"") -> 54830.38 | F16: =IF(F15>0,IF(AND(SUM(D15:F15)=1,K15=1),C15-SUM(D16:E16),ROUND(C15*F15,2)),"") -> 54830.38 | G16: =IF(G15>0,IF(AND(SUM(D15:G15)=1,K15=1),C15-SUM(D16:F16),ROUND(C15*G15,2)),"") -> 109660.77 | H16: =IF(H15>0,IF(AND(SUM(D15:H15)=1,K15=1),C15-SUM(D16:G16),ROUND(C15*H15,2)),"") -> 54830.39 | I16: =IF(I15>0,IF(AND(SUM(D15:I15)=1,K15=1),C15-SUM(D16:H16),ROUND(C15*I15,2)),"") | J16: =IF(J15>0,IF(AND(SUM(D15:J15)=1,K15=1),C15-SUM(D16:I16),ROUND(C15*J15,2)),"") | K16: =SUM(D16:J16) -> 274151.92
A17: 6 | B17: DRENAGEM PLUVIAL | C17: =RESUMO!D15 -> 71125.24 | G17: 0.6 | H17: 0.4 | K17: =SUM(D17:J17) -> 1
D18: =IF(D17>0,ROUND(C17*D17,2),"") | E18: =IF(E17>0,IF(AND(SUM(D17:E17)=1,K17=1),C17-SUM(D18:D18),ROUND(C17*E17,2)),"") | F18: =IF(F17>0,IF(AND(SUM(D17:F17)=1,K17=1),C17-SUM(D18:E18),ROUND(C17*F17,2)),"") | G18: =IF(G17>0,IF(AND(SUM(D17:G17)=1,K17=1),C17-SUM(D18:F18),ROUND(C17*G17,2)),"") -> 42675.14 | H18: =IF(H17>0,IF(AND(SUM(D17:H17)=1,K17=1),C17-SUM(D18:G18),ROUND(C17*H17,2)),"") -> 28450.1 | I18: =IF(I17>0,IF(AND(SUM(D17:I17)=1,K17=1),C17-SUM(D18:H18),ROUND(C17*I17,2)),"") | J18: =IF(J17>0,IF(AND(SUM(D17:J17)=1,K17=1),C17-SUM(D18:I18),ROUND(C17*J17,2)),"") | K18: =SUM(D18:J18) -> 71125.24
A19: 7 | B19: REVESTIMENTO E PROTEÇÃO DA ENCOSTA | C19: =RESUMO!D16 -> 117357.1 | G19: 0.2 | H19: 0.4 | J19: 0.4 | K19: =SUM(D19:J19) -> 1
D20: =IF(D19>0,ROUND(C19*D19,2),"") | E20: =IF(E19>0,IF(AND(SUM(D19:E19)=1,K19=1),C19-SUM(D20:D20),ROUND(C19*E19,2)),"") | F20: =IF(F19>0,IF(AND(SUM(D19:F19)=1,K19=1),C19-SUM(D20:E20),ROUND(C19*F19,2)),"") | G20: =IF(G19>0,IF(AND(SUM(D19:G19)=1,K19=1),C19-SUM(D20:F20),ROUND(C19*G19,2)),"") -> 23471.42 | H20: =IF(H19>0,IF(AND(SUM(D19:H19)=1,K19=1),C19-SUM(D20:G20),ROUND(C19*H19,2)),"") -> 46942.84 | I20: =IF(I19>0,IF(AND(SUM(D19:I19)=1,K19=1),C19-SUM(D20:H20),ROUND(C19*I19,2)),"") | J20: =IF(J19>0,IF(AND(SUM(D19:J19)=1,K19=1),C19-SUM(D20:I20),ROUND(C19*J19,2)),"") -> 46942.84 | K20: =SUM(D20:J20) -> 117357.1
A21: 8 | B21: SERVIÇOS COMPLEMENTARES | C21: =RESUMO!D17 -> 39783.28 | J21: 1 | K21: =SUM(D21:J21) -> 1
D22: =IF(D21>0,ROUND(C21*D21,2),"") | E22: =IF(E21>0,IF(AND(SUM(D21:E21)=1,K21=1),C21-SUM(D22:D22),ROUND(C21*E21,2)),"") | F22: =IF(F21>0,IF(AND(SUM(D21:F21)=1,K21=1),C21-SUM(D22:E22),ROUND(C21*F21,2)),"") | G22: =IF(G21>0,IF(AND(SUM(D21:G21)=1,K21=1),C21-SUM(D22:F22),ROUND(C21*G21,2)),"") | H22: =IF(H21>0,IF(AND(SUM(D21:H21)=1,K21=1),C21-SUM(D22:G22),ROUND(C21*H21,2)),"") | I22: =IF(I21>0,IF(AND(SUM(D21:I21)=1,K21=1),C21-SUM(D22:H22),ROUND(C21*I21,2)),"") | J22: =IF(J21>0,IF(AND(SUM(D21:J21)=1,K21=1),C21-SUM(D22:I22),ROUND(C21*J21,2)),"") -> 39783.28 | K22: =SUM(D22:J22) -> 39783.28
C23: =SUM(C7,C9,C11,C13,C15,C17,C19,C21) -> 856701.92 | D23: =SUM(D8,D10,D12,D14,D16,D18,D20,D22) -> 108516.87 | E23: =SUM(E8,E10,E12,E14,E16,E18,E20,E22) -> 157589.9 | F23: =SUM(F8,F10,F12,F14,F16,F18,F20,F22) -> 173809.57 | G23: =SUM(G8,G10,G12,G14,G16,G18,G20,G22) -> 183849.03 | H23: =SUM(H8,H10,H12,H14,H16,H18,H20,H22) -> 138265.03 | I23: =SUM(I8,I10,I12,I14,I16,I18,I20,I22) -> 0 | J23: =SUM(J8,J10,J12,J14,J16,J18,J20,J22) -> 94671.52 | K23: =J24 -> 856701.92
D24: =D23+C24 -> 108516.87 | E24: =E23+D24 -> 266106.77 | F24: =F23+E24 -> 439916.34 | G24: =G23+F24 -> 623765.37 | H24: =H23+G24 -> 762030.4 | I24: =I23+H24 -> 762030.4 | J24: =J23+I24 -> 856701.92

Sheet BDI
A3: COD | B3: DESCRIÇÃO | C3: %
B5: Benefício
A6: S + G | B6: Garantia/seguros | C6: 0.81
A7: L | B7: Lucro | C7: 6
B8: TOTAL | C8: 6.81
B11: Despesas Indiretas
A12: AC | B12: Administração central | C12: 4
A13: DF | B13: Despesas financeiras | C13: 0.94
A14: R | B14: Riscos | C14: 1.46
B15: TOTAL | C15: 6.4
A18: I | B18: Impostos
B19: COFINS | C19: 3
B20: ISS | C20: 4
B21: PIS | C21: 0.65
B22: CPRB | C22: 0
B23: TOTAL | C23: 7.65
B25: BDI = 23,12%
A28: COD | B28: DESCRIÇÃO | C28: %
B30: Benefício
A31: S + G | B31: Garantia/seguros | C31: 0.3
A32: L | B32: Lucro | C32: 3.5
B33: TOTAL | C33: 3.8
B36: Despesas Indiretas
A37: AC | B37: Administração central | C37: 1.5
A38: DF | B38: Despesas financeiras | C38: 0.85
A39: R | B39: Riscos | C39: 0.56
B40: TOTAL | C40: 2.91
A43: I | B43: Impostos
B44: COFINS | C44: 3
B45: PIS | C45: 0.65
B46: CPRB | C46: 0
B47: TOTAL | C47: 3.65
B49: BDI = 10,89%

Sheet ENCARGOS SOCIAIS
A3: COD | B3: DESCRIÇÃO | C3: HORISTA % | E3: MENSALISTA %
A5: A | B5: GRUPO A
A6: A1 | B6: INSS | C6: 20 | E6: 20
A7: A2 | B7: SESI | C7: 1.5 | E7: 1.5
A8: A3 | B8: SENAI | C8: 1 | E8: 1
A9: A4 | B9: INCRA | C9: 0.2 | E9: 0.2
A10: A5 | B10: SEBRAE | C10: 0.6 | E10: 0.6
A11: A6 | B11: Salário Educação | C11: 2.5 | E11: 2.5
A12: A7 | B12: Seguro Contra Acidentes de Trabalho | C12: 3 | E12: 3
A13: A8 | B13: FGTS | C13: 8 | E13: 8
A14: A9 | B14: SECONCI | C14: 0 | E14: 0
B15: TOTAL | C15: 36.8 | E15: 36.8
A17: B | B17: GRUPO B
A18: B1 | B18: Repouso Semanal Remunerado | C18: 18.01 | E18: 0
A19: B2 | B19: Feriados | C19: 4.32 | E19: 0
A20: B3 | B20: Auxílio - Enfermidade | C20: 0.86 | E20: 0.65
A21: B4 | B21: 13º Salário | C21: 10.97 | E21: 8.33
A22: B5 | B22: Licença Paternidade | C22: 0.07 | E22: 0.05
A23: B6 | B23: Faltas Justificadas | C23: 0.73 | E23: 0.56
A24: B7 | B24: Dias de Chuvas | C24: 1.96 | E24: 0
A25: B8 | B25: Auxílio Acidente de Trabalho | C25: 0.1 | E25: 0.07
A26: B9 | B26: Férias Gozadas | C26: 9.95 | E26: 7.56
A27: B10 | B27: Salário Maternidade | C27: 0.03 | E27: 0.03
B28: TOTAL | C28: 47 | E28: 17.25
A30: C | B30: GRUPO C
A31: C1 | B31: Aviso Prévio Indenizado | C31: 4.77 | E31: 3.63
A32: C2 | B32: Aviso Prévio Trabalhado | C32: 0.11 | E32: 0.09
A33: C3 | B33: Férias Indenizadas | C33: 3.98 | E33: 3.03
A34: C4 | B34: Depósito Rescisão Sem Justa Causa | C34: 3.06 | E34: 2.33
A35: C5 | B35: Indenização Adicional | C35: 0.4 | E35: 0.31
B36: TOTAL | C36: 12.32 | E36: 9.39
A38: D | B38: GRUPO D
A39: D1 | B39: Reincidência de Grupo A sobre Grupo B | C39: 17.3 | E39: 6.35
A40: D2 | B40: Reincidência de Grupo A sobre Aviso Prévio Trabalhado e Reincidência do FGTS sobre Aviso Prévio Indenizado | C40: 0.42 | E40: 0.32
B41: TOTAL | C41: 17.72 | E41: 6.67
B43: A + B + C + D = | C43: 113.84 | E43: 70.11

Sheet MAPA COTAÇÃO
A6: MAPA DE COTAÇÕES - PREÇOS
A8: CÓDIGO | B8: DESCRIÇÃO | C8: UNID | D8: VALOR INTERMEDIÁRIO | E8: Fornecedores | F8: Fornecedor A | G8: Fornecedor B | H8: Fornecedor C
A9: INS-32971826 | B9: MOBILIZAÇÃO DE CONTAINER | C9: UND | D9: =LARGE(F16:H16,2) -> 900 | E9: Razão Social: | F9: PIRAJU | G9: BRAVO EQUIPAMENTOS | H9: AGEMAR LOCAÇÃO E COMERCIALIZAÇÃO DE CONTEINERES LTDA
E10: CNPJ: | F10: 02.527.674/0001-74 | G10: 37.984.150/0001-97 | H10: 15.023.850/0001-82
E11: Nome do Contato:
E12: Data do Contato: | F12: 45446 | G12: 45442 | H12: 45442
E13: Contato:
E14: Preço Produto: | F14: 900 | G14: 850 | H14: 1100
E15: Frete:
E16: Preço Total: | F16: =F14+F15 -> 900 | G16: =G14+G15 -> 850 | H16: =H14+H15 -> 1100
A17: INS-09244605 | B17: DESMOBILIZAÇÃO DE CONTAINER | C17: UND | D17: =LARGE(F24:H24,2) -> 900 | E17: Razão Social: | F17: PIRAJU | G17: BRAVO EQUIPAMENTOS | H17: AGEMAR LOCAÇÃO E COMERCIALIZAÇÃO DE CONTEINERES LTDA
E18: CNPJ: | F18: 02.527.674/0001-74 | G18: 37.984.150/0001-97 | H18: 15.023.850/0001-82
E19: Nome do Contato:
E20: Data do Contato: | F20: 45446 | G20: 45442 | H20: 45442
E21: Contato:
E22: Preço Produto: | F22: 900 | G22: 850 | H22: 1100
E23: Frete:
E24: Preço Total: | F24: =F22+F23 -> 900 | G24: =G22+G23 -> 850 | H24: =H22+H23 -> 1100
A25: INS-91581640 | B25: LOCAÇÃO DE CONTAINER PARA ESCRITORIO SEM BANHEIRO | C25: MÊS | D25: =LARGE(F32:H32,2) -> 1200 | E25: Razão Social: | F25: PIRAJU | G25: BRAVO EQUIPAMENTOS | H25: AGEMAR LOCAÇÃO E COMERCIALIZAÇÃO DE CONTEINERES LTDA
E26: CNPJ: | F26: 02.527.674/0001-74 | G26: 37.984.150/0001-97 | H26: 15.023.850/0001-82
E27: Nome do Contato:
E28: Data do Contato: | F28: 45446 | G28: 45442 | H28: 45442
E29: Contato:
E30: Preço Produto: | F30: 1100 | G30: 1200 | H30: 1300
E31: Frete:
E32: Preço Total: | F32: =F30+F31 -> 1100 | G32: =G30+G31 -> 1200 | H32: =H30+H31 -> 1300
A33: INS-33223766 | B33: LOCAÇÃO CONTAINER PARA ESCRITORIO COM BANHEIRO | C33: MÊS | D33: =LARGE(F40:H40,2) -> 1300 | E33: Razão Social: | F33: PIRAJU | G33: BRAVO EQUIPAMENTOS | H33: AGEMAR LOCAÇÃO E COMERCIALIZAÇÃO DE CONTEINERES LTDA
E34: CNPJ: | F34: 02.527.674/0001-74 | G34: 37.984.150/0001-97 | H34: 15.023.850/0001-82
E35: Nome do Contato:
E36: Data do Contato: | F36: 45446 | G36: 45442 | H36: 45442
E37: Contato:
E38: Preço Produto: | F38: 1200 | G38: 1300 | H38: 1400
E39: Frete:
E40: Preço Total: | F40: =F38+F39 -> 1200 | G40: =G38+G39 -> 1300 | H40: =H38+H39 -> 1400

Sheet Memória de Cálculo
A1: PREFEITURA MUNICIPAL DO JABOATÃO DOS GUARARAPES
A2: ='[5]Planilha Orçamentária'!A2:N2 -> SECRETARIA MUNICIPAL DE INFRAESTRUTURA
A3: ='[5]Planilha Orçamentária'!A3:N3 -> SECRETARIA EXECUTIVA DE OBRAS
A5: MEMÓRIA DE CÁLCULO
A6: ='[5]Planilha Orçamentária'!A6:N6 -> PROJETO DE CONTENÇÃO DE ENCOSTA E DRENAGEM - SETOR UR11-7
A7: Local: Jaboatão dos Guararapes
A8: Município: Jaboatão dos Guararapes/PE | J8: {='[5]Planilha Orçamentária'!A8:D8} -> Data de Elaboração do Orçamento: SETEMBRO/2024 | K8: 0 | L8: 0 | M8: 0
A9: Item | B9: Código | C9: Descrição | D9: Und | E9: Taxa | F9: Comp. | G9: Larg. | H9: Alt. | I9: QTDE | J9: Total
A10: ='[5]Planilha Orçamentária'!A12 -> 1.0 | C10: =VLOOKUP(A10,'[5]Planilha Orçamentária'!A:N,4,0) -> INSTALAÇÕES PROVISÓRIAS
A11: ='[5]Planilha Orçamentária'!A13 -> 1.1 | B11: =VLOOKUP(A11,'[5]Planilha Orçamentária'!A:N,2,0) -> INS-32971826 | C11: =VLOOKUP(A11,'[5]Planilha Orçamentária'!A:N,4,0) -> MOBILIZAÇÃO DE CONTAINER | D11: =VLOOKUP(A11,'[5]Planilha Orçamentária'!A:N,5,0) -> UND | I11: QUANTIDADE | J11: =ROUND(SUM(J12:J13),2) -> 2
I12: 2 | J12: =ROUND(PRODUCT(E12:I12),2) -> 2
A15: ='[5]Planilha Orçamentária'!A14 -> 1.2 | B15: =VLOOKUP(A15,'[5]Planilha Orçamentária'!A:N,2,0) -> INS-09244605 | C15: =VLOOKUP(A15,'[5]Planilha Orçamentária'!A:N,4,0) -> DESMOBILIZAÇÃO DE CONTAINER | D15: =VLOOKUP(A15,'[5]Planilha Orçamentária'!A:N,5,0) -> UND | I15: QUANTIDADE | J15: =ROUND(SUM(J16:J19),2) -> 2
I16: 2 | J16: =ROUND(PRODUCT(E16:I16),2) -> 2
A20: ='[5]Planilha Orçamentária'!A15 -> 1.3 | B20: =VLOOKUP(A20,'[5]Planilha Orçamentária'!A:N,2,0) -> INS-91581640 | C20: =VLOOKUP(A20,'[5]Planilha Orçamentária'!A:N,4,0) -> LOCAÇÃO DE CONTAINER PARA ESCRITORIO SEM BANHEIRO | D20: =VLOOKUP(A20,'[5]Planilha Orçamentária'!A:N,5,0) -> MÊS | I20: QUANTIDADE DE MESES | J20: =ROUND(SUM(J21:J24),2) -> 6
I21: 6 | J21: =ROUND(PRODUCT(E21:I21),2) -> 6
A25: ='[5]Planilha Orçamentária'!A16 -> 1.4 | B25: =VLOOKUP(A25,'[5]Planilha Orçamentária'!A:N,2,0) -> INS-33223766 | C25: =VLOOKUP(A25,'[5]Planilha Orçamentária'!A:N,4,0) -> LOCAÇÃO CONTAINER PARA ESCRITORIO COM BANHEIRO | D25: =VLOOKUP(A25,'[5]Planilha Orçamentária'!A:N,5,0) -> MÊS | I25: QUANTIDADE DE MESES | J25: =ROUND(SUM(J26:J27),2) -> 6
I26: 6 | J26: =ROUND(PRODUCT(E26:I26),2) -> 6
A29: ='[5]Planilha Orçamentária'!A17 -> 2.0 | C29: =VLOOKUP(A29,'[5]Planilha Orçamentária'!A:N,4,0) -> SERVIÇOS PRELIMINARES
A30: ='[5]Planilha Orçamentária'!A18 -> 2.1 | B30: =VLOOKUP(A30,'[5]Planilha Orçamentária'!A:N,2,0) -> 103689 | C30: =VLOOKUP(A30,'[5]Planilha Orçamentária'!A:N,4,0) -> FORNECIMENTO E INSTALAÇÃO DE PLACA DE OBRA COM CHAPA GALVANIZADA E ESTRUTURA DE MADEIRA. AF_03/2022_PS | D30: =VLOOKUP(A30,'[5]Planilha Orçamentária'!A:N,5,0) -> M2 | F30: COMPRIMENTO | G30: LARGURA | I30: QUANTIDADE DE PLACAS | J30: =ROUND(SUM(J32:J32),2) -> 2.88
F32: 2.4 | G32: 1.2 | I32: 1 | J32: =ROUND(PRODUCT(E32:I32),2) -> 2.88
A34: ='[5]Planilha Orçamentária'!A19 -> 2.2 | B34: =VLOOKUP(A34,'[5]Planilha Orçamentária'!A:N,2,0) -> 98524 | C34: =VLOOKUP(A34,'[5]Planilha Orçamentária'!A:N,4,0) -> LIMPEZA MANUAL DE VEGETAÇÃO EM TERRENO COM ENXADA. AF_03/2024 | D34: =VLOOKUP(A34,'[5]Planilha Orçamentária'!A:N,5,0) -> M2 | E34: TAXA | I34: ÁREA | J34: =ROUND(SUM(J35:J38),2) -> 1033.56
C35: Área de passeio | I35: =J250 -> 305.81 | J35: =ROUND(PRODUCT(E35:I35),2) -> 305.81
C36: Área de projeção da tela = (1 / Cosseno do ângulo média da barreira projetada conforme indica seções de projeto) x (Área de projeção do concreto projetado)
C37: EIXO 01 (27,88°) | E37: =1/0.88 -> 1.1363636 | I37: 517.94 | J37: =ROUND(PRODUCT(E37:I37),2) -> 588.57
C38: EIXO 02 (34,50°) | E38: =1/0.82 -> 1.2195122 | I38: 114.13 | J38: =ROUND(PRODUCT(E38:I38),2) -> 139.18
A40: ='[5]Planilha Orçamentária'!A20 -> 2.3 | B40: =VLOOKUP(A40,'[5]Planilha Orçamentária'!A:N,2,0) -> 98530 | C40: =VLOOKUP(A40,'[5]Planilha Orçamentária'!A:N,4,0) -> CORTE RASO E RECORTE DE ÁRVORE COM DIÂMETRO DE TRONCO MAIOR OU IGUAL A 0,40 M E MENOR QUE 0,60 M. AF_03/2024 | D40: =VLOOKUP(A40,'[5]Planilha Orçamentária'!A:N,5,0) -> UN | J40: =ROUND(SUM(J41:J41),2) -> 12
C41: De acordo com a quantidade em projeto | I41: 12 | J41: =ROUND(PRODUCT(E41:I41),2) -> 12
A43: ='[5]Planilha Orçamentária'!A21 -> 2.4 | B43: =VLOOKUP(A43,'[5]Planilha Orçamentária'!A:N,2,0) -> 100206 | C43: =VLOOKUP(A43,'[5]Planilha Orçamentária'!A:N,4,0) -> TRANSPORTE HORIZONTAL COM JERICA DE 90 L, DE MASSA/ GRANEL (UNIDADE: M3XKM). AF_07/2019 | D43: =VLOOKUP(A43,'[5]Planilha Orçamentária'!A:N,5,0) -> M3XKM | J43: =ROUND(SUM(J45:J45),2) -> 12.92
E44: empolamento | F44: DMT obra
C45: LIMPEZA MANUAL DE VEGETAÇÃO EM TERRENO COM ENXADA.AF_05/2018 | E45: 1.25 | F45: =100/1000 -> 0.1 | H45: 0.1 | I45: =J34 -> 1033.56 | J45: =ROUND(PRODUCT(E45:I45),2) -> 12.92
A47: ='[5]Planilha Orçamentária'!A22 -> 2.5 | B47: =VLOOKUP(A47,'[5]Planilha Orçamentária'!A:N,2,0) -> 100983 | C47: =VLOOKUP(A47,'[5]Planilha Orçamentária'!A:N,4,0) -> CARGA, MANOBRA E DESCARGA DE ENTULHO EM CAMINHÃO BASCULANTE 14 M³ - CARGA COM ESCAVADEIRA HIDRÁULICA (CAÇAMBA DE 0,80 M³ / 111 HP) E DESCARGA LIVRE (UNIDADE: M3). AF_07/2020 | D47: =VLOOKUP(A47,'[5]Planilha Orçamentária'!A:N,5,0) -> M3 | J47: =ROUND(SUM(J49:J50),2) -> 144.2
E48: empolamento
C49: LIMPEZA MANUAL DE VEGETAÇÃO EM TERRENO COM ENXADA.AF_05/2018 | E49: 1.25 | H49: =H45 -> 0.1 | I49: =J34 -> 1033.56 | J49: =ROUND(PRODUCT(E49:I49),2) -> 129.2
C50: CORTE RASO E RECORTE DE ÁRVORE COM DIÂMETRO DE TRONCO MAIOR OU IGUAL A 0,40 M E MENOR QUE 0,60 M.AF_05/2018 | E50: 1.25 | G50: 0.5 | H50: 2 | I50: =I41 -> 12 | J50: =ROUND(PRODUCT(E50:I50),2) -> 15
A52: ='[5]Planilha Orçamentária'!A23 -> 2.6 | B52: =VLOOKUP(A52,'[5]Planilha Orçamentária'!A:N,2,0) -> 95876 | C52: =VLOOKUP(A52,'[5]Planilha Orçamentária'!A:N,4,0) -> TRANSPORTE COM CAMINHÃO BASCULANTE DE 14 M³, EM VIA URBANA PAVIMENTADA, DMT ATÉ 30 KM (UNIDADE: M3XKM). AF_07/2020 | D52: =VLOOKUP(A52,'[5]Planilha Orçamentária'!A:N,5,0) -> M3XKM | J52: =ROUND(SUM(J54:J54),2) -> 1124.76
E53: DMT ENTULHO
C54: CARGA MANUAL DE ENTULHO EM CAMINHAO BASCULANTE 14 M3 | E54: 7.8 | I54: =J47 -> 144.2 | J54: =ROUND(PRODUCT(E54:I54),2) -> 1124.76
A56: ='[5]Planilha Orçamentária'!A24 -> 2.7 | B56: =VLOOKUP(A56,'[5]Planilha Orçamentária'!A:N,2,0) -> COMP-64451533 | C56: =VLOOKUP(A56,'[5]Planilha Orçamentária'!A:N,4,0) -> SERVICOS TOPOGRAFICOS PARA PAVIMENTACAO, INCLUSIVE NOTA DE SERVICOS, ACOMPANHAMENTO E GREIDE | D56: =VLOOKUP(A56,'[5]Planilha Orçamentária'!A:N,5,0) -> M2 | J56: =ROUND(SUM(J58:J61),2) -> 227.13
C57: MUROS [extenção x (largura da base + 0,50 m)]
C58: MURO 01 (altura - 3,5m) horizontal | F58: 22.8 | G58: =2.1+0.5 -> 2.6 | J58: =ROUND(PRODUCT(E58:I58),2) -> 59.28
C59: MURO 02 (altura - 2,0m) inclinado | F59: 9.9 | G59: =2+0.5 -> 2.5 | J59: =ROUND(PRODUCT(E59:I59),2) -> 24.75
C60: MURO 02 (altura - 2,5m) inclinado | F60: =19.5+5 -> 24.5 | G60: =2.5+0.5 -> 3 | J60: =ROUND(PRODUCT(E60:I60),2) -> 73.5
C61: MURO 03 (altura - 2,0m) horizontal | F61: 43.5 | G61: =1.1+0.5 -> 1.6 | J61: =ROUND(PRODUCT(E61:I61),2) -> 69.6
A63: ='[5]Planilha Orçamentária'!A25 -> 3.0 | C63: =VLOOKUP(A63,'[5]Planilha Orçamentária'!A:N,4,0) -> ADMINISTRAÇAO LOCAL DA OBRA
A64: ='[5]Planilha Orçamentária'!A26 -> 3.1 | B64: =VLOOKUP(A64,'[5]Planilha Orçamentária'!A:N,2,0) -> 93565 | C64: =VLOOKUP(A64,'[5]Planilha Orçamentária'!A:N,4,0) -> ENGENHEIRO CIVIL DE OBRA JUNIOR COM ENCARGOS COMPLEMENTARES | D64: =VLOOKUP(A64,'[5]Planilha Orçamentária'!A:N,5,0) -> MES | J64: =ROUND(SUM(J66),2) -> 0.78
C66: 6 meses de obra com 22 dias trabalhados e 1h por dia | E66: =ROUND(22/176,2) -> 0.13 | I66: 6 | J66: =ROUND(PRODUCT(E66:I66),2) -> 0.78
C67: 1 hora x 22 dias = 22 horas no mês
C68: 1 mês tem 22 dias x 8 horas = 176 horas
A70: ='[5]Planilha Orçamentária'!A27 -> 3.2 | B70: =VLOOKUP(A70,'[5]Planilha Orçamentária'!A:N,2,0) -> 93572 | C70: =VLOOKUP(A70,'[5]Planilha Orçamentária'!A:N,4,0) -> ENCARREGADO GERAL DE OBRAS COM ENCARGOS COMPLEMENTARES | D70: =VLOOKUP(A70,'[5]Planilha Orçamentária'!A:N,5,0) -> MES | J70: =ROUND(SUM(J72),2) -> 1.5
C72: 6 meses de obra com 22 dias trabalhados e 2h por dia | E72: =ROUND(44/176,2) -> 0.25 | I72: =I66 -> 6 | J72: =ROUND(PRODUCT(E72:I72),2) -> 1.5
C73: 2 horas x 22 dias = 44 horas no mês
C74: 1 mês tem 22 dias x 8 horas = 176 horas
A76: ='[5]Planilha Orçamentária'!A28 -> 4.0 | C76: =VLOOKUP(A76,'[5]Planilha Orçamentária'!A:N,4,0) -> TERRAPLENAGEM
A77: ='[5]Planilha Orçamentária'!A29 -> 4.1 | B77: =VLOOKUP(A77,'[5]Planilha Orçamentária'!A:N,2,0) -> 93358 | C77: =VLOOKUP(A77,'[5]Planilha Orçamentária'!A:N,4,0) -> ESCAVAÇÃO MANUAL DE VALA. AF_09/2024 | D77: =VLOOKUP(A77,'[5]Planilha Orçamentária'!A:N,5,0) -> M3 | J77: =ROUND(SUM(J80:J82),2) -> 861.36
C79: MAPA DE CUBAGEM
C80: MURO 01 | I80: 107.53 | J80: =ROUND(PRODUCT(E80:I80),2) -> 107.53
C81: MURO 02 | I81: 410.97 | J81: =ROUND(PRODUCT(E81:I81),2) -> 410.97
C82: MURO 03 | I82: 342.86 | J82: =ROUND(PRODUCT(E82:I82),2) -> 342.86
A84: ='[5]Planilha Orçamentária'!A30 -> 4.2 | B84: =VLOOKUP(A84,'[5]Planilha Orçamentária'!A:N,2,0) -> CP-96995-85112623 | C84: =VLOOKUP(A84,'[5]Planilha Orçamentária'!A:N,4,0) -> REATERRO MANUAL APILOADO COM SOQUETE | D84: =VLOOKUP(A84,'[5]Planilha Orçamentária'!A:N,5,0) -> M3 | J84: =ROUND(SUM(J87:J89),2) -> 53.54
C86: MAPA DE CUBAGEM
C87: MURO 01 | I87: 5.79 | J87: =ROUND(PRODUCT(E87:I87),2) -> 5.79
C88: MURO 02 | I88: 21.21 | J88: =ROUND(PRODUCT(E88:I88),2) -> 21.21
C89: MURO 03 | I89: 26.54 | J89: =ROUND(PRODUCT(E89:I89),2) -> 26.54
A91: ='[5]Planilha Orçamentária'!A31 -> 4.3 | B91: =VLOOKUP(A91,'[5]Planilha Orçamentária'!A:N,2,0) -> 100206 | C91: =VLOOKUP(A91,'[5]Planilha Orçamentária'!A:N,4,0) -> TRANSPORTE HORIZONTAL COM JERICA DE 90 L, DE MASSA/ GRANEL (UNIDADE: M3XKM). AF_07/2019 | D91: =VLOOKUP(A91,'[5]Planilha Orçamentária'!A:N,5,0) -> M3XKM | J91: =ROUND(SUM(J93),2) -> 107.67
E92: empolamento | F92: DMT obra
C93: Escavação x empolamento x DMT obra | E93: 1.25 | F93: =F45 -> 0.1 | I93: =J77 -> 861.36 | J93: =ROUND(PRODUCT(E93:I93),2) -> 107.67
A95: ='[5]Planilha Orçamentária'!A32 -> 4.4 | B95: =VLOOKUP(A95,'[5]Planilha Orçamentária'!A:N,2,0) -> CP-72897-80530767 | C95: =VLOOKUP(A95,'[5]Planilha Orçamentária'!A:N,4,0) -> CARGA MANUAL DE ENTULHO EM CAMINHAO BASCULANTE 14 M3 | D95: =VLOOKUP(A95,'[5]Planilha Orçamentária'!A:N,5,0) -> M3 | J95: =ROUND(SUM(J97),2) -> 1009.78
E96: empolamento
C97: (escavação - reaterro) x empolamento | E97: 1.25 | I97: =J77-J84 -> 807.82 | J97: =ROUND(PRODUCT(E97:I97),2) -> 1009.78
A99: ='[5]Planilha Orçamentária'!A33 -> 4.5 | B99: =VLOOKUP(A99,'[5]Planilha Orçamentária'!A:N,2,0) -> 95876 | C99: =VLOOKUP(A99,'[5]Planilha Orçamentária'!A:N,4,0) -> TRANSPORTE COM CAMINHÃO BASCULANTE DE 14 M³, EM VIA URBANA PAVIMENTADA, DMT ATÉ 30 KM (UNIDADE: M3XKM). AF_07/2020 | D99: =VLOOKUP(A99,'[5]Planilha Orçamentária'!A:N,5,0) -> M3XKM | J99: =ROUND(SUM(J101),2) -> 7876.28
E100: DMT ENTULHO
C101: carga manual x DMT prefeitura sede | E101: =E54 -> 7.8 | I101: =J95 -> 1009.78 | J101: =ROUND(PRODUCT(E101:I101),2) -> 7876.28
A103: ='[5]Planilha Orçamentária'!A34 -> 5.0 | C103: =VLOOKUP(A103,'[5]Planilha Orçamentária'!A:N,4,0) -> CONTENÇÃO DE ENCOSTA
A104: ='[5]Planilha Orçamentária'!A35 -> 5.1 | B104: =VLOOKUP(A104,'[5]Planilha Orçamentária'!A:N,2,0) -> 100206 | C104: =VLOOKUP(A104,'[5]Planilha Orçamentária'!A:N,4,0) -> TRANSPORTE HORIZONTAL COM JERICA DE 90 L, DE MASSA/ GRANEL (UNIDADE: M3XKM). AF_07/2019 | D104: =VLOOKUP(A104,'[5]Planilha Orçamentária'!A:N,5,0) -> M3XKM | J104: =ROUND(SUM(J106:J108),2) -> 7.14
E105: empolamento | F105: DMT obra | I105: VOLUME
C106: Brita do dreno x empolamento x DMT obra | E106: 1.25 | F106: =F93 -> 0.1 | I106: =J126 -> 24.79 | J106: =ROUND(PRODUCT(E106:I106),2) -> 3.1
C107: Areia do dreno x empolamento x DMT obra | E107: 1.25 | F107: =F106 -> 0.1 | I107: =J134 -> 24.79 | J107: =ROUND(PRODUCT(E107:I107),2) -> 3.1
C108: Lastro de concreto magro x DMT obra | F108: =F107 -> 0.1 | I108: =J162 -> 9.35 | J108: =ROUND(PRODUCT(E108:I108),2) -> 0.94
A110: ='[5]Planilha Orçamentária'!A36 -> 5.2 | B110: =VLOOKUP(A110,'[5]Planilha Orçamentária'!A:N,2,0) -> CP-100206-86548087 | C110: =VLOOKUP(A110,'[5]Planilha Orçamentária'!A:N,4,0) -> TRANSPORTE HORIZONTAL COM JERICA DE 90 L, DE PEDRA RACHÃO GRANEL (UNIDADE: M3XKM). AF_07/2019 | D110: =VLOOKUP(A110,'[5]Planilha Orçamentária'!A:N,5,0) -> M3xKM | J110: =ROUND(SUM(J112:J112),2) -> 44.11
E111: empolamento | F111: DMT obra | I111: VOLUME
C112: Pedra rachão x empolamento x DMT obra | E112: 1.4 | F112: =F45 -> 0.1 | I112: =J114 -> 315.04 | J112: =ROUND(PRODUCT(E112:I112),2) -> 44.11
A114: ='[5]Planilha Orçamentária'!A37 -> 5.3 | B114: =VLOOKUP(A114,'[5]Planilha Orçamentária'!A:N,2,0) -> 103800 | C114: =VLOOKUP(A114,'[5]Planilha Orçamentária'!A:N,4,0) -> PEDRA ARGAMASSADA COM CIMENTO E AREIA 1:3, 40% DE ARGAMASSA EM VOLUME - AREIA E PEDRA DE MÃO COMERCIAIS - FORNECIMENTO E ASSENTAMENTO. AF_08/2022 | D114: =VLOOKUP(A114,'[5]Planilha Orçamentária'!A:N,5,0) -> M3 | J114: =ROUND(SUM(J117:J120),2) -> 315.04
C116: V = Comprimento do muro x área da seção | F116: EXTENSÃO | I116: VOLUME
C117: MURO 01 (altura - 3,5m) horizontal | F117: =F58 -> 22.8 | I117: 4.59 | J117: =ROUND(PRODUCT(E117:I117),2) -> 104.65
C118: MURO 02 (altura - 2,0m) inclinado | F118: =F59 -> 9.9 | I118: 3 | J118: =ROUND(PRODUCT(E118:I118),2) -> 29.7
C119: MURO 02 (altura - 2,5m) inclinado | F119: =F60 -> 24.5 | I119: 4.25 | J119: =ROUND(PRODUCT(E119:I119),2) -> 104.13
C120: MURO 03 (altura - 2,0m) horizontal | F120: =F61 -> 43.5 | I120: 1.76 | J120: =ROUND(PRODUCT(E120:I120),2) -> 76.56
A122: ='[5]Planilha Orçamentária'!A38 -> 5.4 | B122: =VLOOKUP(A122,'[5]Planilha Orçamentária'!A:N,2,0) -> COMP-83526730 | C122: =VLOOKUP(A122,'[5]Planilha Orçamentária'!A:N,4,0) -> TRANSPORTE COMERCIAL DE BRITA | D122: =VLOOKUP(A122,'[5]Planilha Orçamentária'!A:N,5,0) -> M3XKM | J122: =ROUND(SUM(J124),2) -> 365.65
E123: empolamento | F123: DMT Pedreira Guarany
C124: Volume de brita x DMT Pedreira Guarany x empolamento | E124: 1.25 | F124: 11.8 | I124: =J126 -> 24.79 | J124: =ROUND(PRODUCT(E124:I124),2) -> 365.65
A126: ='[5]Planilha Orçamentária'!A39 -> 5.5 | B126: =VLOOKUP(A126,'[5]Planilha Orçamentária'!A:N,2,0) -> CP-73883/002-13051595 | C126: =VLOOKUP(A126,'[5]Planilha Orçamentária'!A:N,4,0) -> EXECUCAO DE DRENO FRANCES COM BRITA NUM 2 | D126: =VLOOKUP(A126,'[5]Planilha Orçamentária'!A:N,5,0) -> M3 | J126: =ROUND(SUM(J128:J132),2) -> 24.79
C128: V = Comprimento do muro x largura da camada x altura do muro | F128: EXTENSÃO | G128: ESP | H128: ALT
C129: MURO 01 (altura - 3,5m) horizontal | F129: =F117 -> 22.8 | G129: 0.1 | H129: 3.5 | J129: =ROUND(PRODUCT(E129:I129),2) -> 7.98
C130: MURO 02 (altura - 2,0m) inclinado | F130: =F118 -> 9.9 | G130: 0.1 | H130: 2 | J130: =ROUND(PRODUCT(E130:I130),2) -> 1.98
C131: MURO 02 (altura - 2,5m) inclinado | F131: =F119 -> 24.5 | G131: 0.1 | H131: 2.5 | J131: =ROUND(PRODUCT(E131:I131),2) -> 6.13
C132: MURO 03 (altura - 2,0m) horizontal | F132: =F120 -> 43.5 | G132: 0.1 | H132: 2 | J132: =ROUND(PRODUCT(E132:I132),2) -> 8.7
A134: ='[5]Planilha Orçamentária'!A40 -> 5.6 | B134: =VLOOKUP(A134,'[5]Planilha Orçamentária'!A:N,2,0) -> CP-73883/001-30509153 | C134: =VLOOKUP(A134,'[5]Planilha Orçamentária'!A:N,4,0) -> EXECUCAO DE DRENO FRANCES COM AREIA MEDIA | D134: =VLOOKUP(A134,'[5]Planilha Orçamentária'!A:N,5,0) -> M3 | J134: =ROUND(SUM(J137:J140),2) -> 24.79
C136: V = Comprimento do muro x largura da camada x altura do muro | F136: EXTENSÃO | G136: ESP | H136: ALT
C137: MURO 01 (altura - 3,5m) horizontal | F137: =F129 -> 22.8 | G137: 0.1 | H137: =H129 -> 3.5 | J137: =ROUND(PRODUCT(E137:I137),2) -> 7.98
C138: MURO 02 (altura - 2,0m) inclinado | F138: =F130 -> 9.9 | G138: 0.1 | H138: =H130 -> 2 | J138: =ROUND(PRODUCT(E138:I138),2) -> 1.98
...

Sheet CURVA ABC SERVICOS
A3: CÓDIGO | B3: DESCRIÇÃO | C3: FONTE | D3: TIPO | E3: UNIDADE | F3: QUANTIDADE | G3: PREÇO UNITÁRIO | H3: PREÇO TOTAL | I3: % | J3: ACUMUL. % | K3: CL
A4: 103800 | B4: PEDRA ARGAMASSADA COM CIMENTO E AREIA 1:3, 40% DE ARGAMASSA EM VOLUME - AREIA E PEDRA DE MÃO COMERCIAIS - FORNECIMENTO E ASSENTAMENTO. AF_08/2022 | C4: SINAPI | D4: Serviço | E4: M3 | F4: 315.04 | G4: 636.76 | H4: =ROUND(F4*G4,2) -> 200604.87 | I4: =H4/VALOR_TOTAL*100 -> 23.415947 | J4: =I4 -> 23.415947 | K4: =IF(J4<=50,"A",IF(J4<=80,"B","C")) -> A
A5: 100206 | B5: TRANSPORTE HORIZONTAL COM JERICA DE 90 L, DE MASSA/ GRANEL (UNIDADE: M3XKM). AF_07/2019 | C5: SINAPI | D5: Serviço | E5: M3XKM | F5: 127.73 | G5: 1395.11 | H5: =ROUND(F5*G5,2) -> 178197.4 | I5: =H5/VALOR_TOTAL*100 -> 20.800397 | J5: =I5+J4 -> 44.216344 | K5: =IF(J5<=50,"A",IF(J5<=80,"B","C")) -> A
A6: 93358 | B6: ESCAVAÇÃO MANUAL DE VALA. AF_09/2024 | C6: SINAPI | D6: Serviço | E6: M3 | F6: 861.36 | G6: 111.77 | H6: =ROUND(F6*G6,2) -> 96274.21 | I6: =H6/VALOR_TOTAL*100 -> 11.237772 | J6: =I6+J5 -> 55.454116 | K6: =IF(J6<=50,"A",IF(J6<=80,"B","C")) -> B
A7: COMP-44028973 | B7: EXECUÇÃO DE REVESTIMENTO DE CONCRETO PROJETADO COM ESPESSURA DE 4 CM, ARMADO COM TELA Q 138, INCLINAÇÃO MENOR QUE 90°, APLICAÇÃO DESCONTÍNUA, UTILIZANDO EQUIPAMENTO DE PROJEÇÃO COM 6 M³/H DE CAPACIDADE, INCLUSIVE GRAMPOS DE FIXAÇÃO DE TELA A CADA 2M | C7: Composições | D7: Serviço | E7: M2 | F7: 729.69 | G7: 131.73 | H7: =ROUND(F7*G7,2) -> 96122.06 | I7: =H7/VALOR_TOTAL*100 -> 11.220012 | J7: =I7+J6 -> 66.674129 | K7: =IF(J7<=50,"A",IF(J7<=80,"B","C")) -> B
A8: COMP-03122123 | B8: CANALETA EM CONCRETO ARMADO FCK 25MPa NAS DIMENSÕES (0,40M X 0,40M), SEM LAJE DE TAMPA. | C8: Composições | D8: Geral | E8: m | F8: 127.55 | G8: 554.22 | H8: =ROUND(F8*G8,2) -> 70690.76 | I8: =H8/VALOR_TOTAL*100 -> 8.2515001 | J8: =I8+J7 -> 74.925629 | K8: =IF(J8<=50,"A",IF(J8<=80,"B","C")) -> B
A9: CP-100206-86548087 | B9: TRANSPORTE HORIZONTAL COM JERICA DE 90 L, DE PEDRA RACHÃO GRANEL (UNIDADE: M3XKM). AF_07/2019 | C9: Composições | D9: Serviço | E9: M3XKM | F9: 44.11 | G9: 1395.11 | H9: =ROUND(F9*G9,2) -> 61538.3 | I9: =H9/VALOR_TOTAL*100 -> 7.1831635 | J9: =I9+J8 -> 82.108792 | K9: =IF(J9<=50,"A",IF(J9<=80,"B","C")) -> C
A10: CP-72897-80530767 | B10: CARGA MANUAL DE ENTULHO EM CAMINHAO BASCULANTE 14 M3 | C10: Composições | D10: Serviço | E10: M3 | F10: 1009.78 | G10: 44.31 | H10: =ROUND(F10*G10,2) -> 44743.35 | I10: =H10/VALOR_TOTAL*100 -> 5.2227442 | J10: =I10+J9 -> 87.331537 | K10: =IF(J10<=50,"A",IF(J10<=80,"B","C")) -> C
A11: 99839 | B11: GUARDA-CORPO DE AÇO GALVANIZADO DE 1,10M DE ALTURA, MONTANTES TUBULARES DE 1.1/2 ESPAÇADOS DE 1,20M, TRAVESSA SUPERIOR DE 2 , GRADIL FORMADO POR BARRAS CHATAS EM FERRO DE 32X4,8MM, FIXADO COM CHUMBADOR MECÂNICO. AF_04/2019_PS | C11: SINAPI | D11: Serviço | E11: M | F11: 41.11 | G11: 595.81 | H11: =ROUND(F11*G11,2) -> 24493.75 | I11: =H11/VALOR_TOTAL*100 -> 2.859075 | J11: =I11+J10 -> 90.190611 | K11: =IF(J11<=50,"A",IF(J11<=80,"B","C")) -> C
A12: 95876 | B12: TRANSPORTE COM CAMINHÃO BASCULANTE DE 14 M³, EM VIA URBANA PAVIMENTADA, DMT ATÉ 30 KM (UNIDADE: M3XKM). AF_07/2020 | C12: SINAPI | D12: Serviço | E12: M3XKM | F12: 9001.04 | G12: 2.59 | H12: =ROUND(F12*G12,2) -> 23312.69 | I12: =H12/VALOR_TOTAL*100 -> 2.7212137 | J12: =I12+J11 -> 92.911825 | K12: =IF(J12<=50,"A",IF(J12<=80,"B","C")) -> C
A13: 93565 | B13: ENGENHEIRO CIVIL DE OBRA JUNIOR COM ENCARGOS COMPLEMENTARES | C13: SINAPI | D13: Mão de Obra com Encargos Complementares | E13: MES | F13: 0.78 | G13: 27859.2 | H13: =ROUND(F13*G13,2) -> 21730.18 | I13: =H13/VALOR_TOTAL*100 -> 2.5364925 | J13: =I13+J12 -> 95.448318 | K13: =IF(J13<=50,"A",IF(J13<=80,"B","C")) -> C
A14: 94990 | B14: EXECUÇÃO DE PASSEIO (CALÇADA) OU PISO DE CONCRETO COM CONCRETO MOLDADO IN LOCO, FEITO EM OBRA, ACABAMENTO CONVENCIONAL, NÃO ARMADO. AF_08/2022 | C14: SINAPI | D14: Serviço | E14: M3 | F14: 21.41 | G14: 954.38 | H14: =ROUND(F14*G14,2) -> 20433.28 | I14: =H14/VALOR_TOTAL*100 -> 2.3851096 | J14: =I14+J13 -> 97.833427 | K14: =IF(J14<=50,"A",IF(J14<=80,"B","C")) -> C
A15: CP-S03644-77614840 | B15: Acabamento de superfície de piso de concreto com desempolamento manual | C15: Composições | D15: Serviço | E15: m2 | F15: 729.69 | G15: 25.26 | H15: =ROUND(F15*G15,2) -> 18431.97 | I15: =H15/VALOR_TOTAL*100 -> 2.1515033 | J15: =I15+J14 -> 99.984931 | K15: =IF(J15<=50,"A",IF(J15<=80,"B","C")) -> C
A16: 88489 | B16: PINTURA LÁTEX ACRÍLICA PREMIUM, APLICAÇÃO MANUAL EM PAREDES, DUAS DEMÃOS. AF_04/2023 | C16: SINAPI | D16: Serviço | E16: M2 | F16: 729.69 | G16: 16.67 | H16: =ROUND(F16*G16,2) -> 12163.93 | I16: =H16/VALOR_TOTAL*100 -> 1.4198556 | J16: =I16+J15 -> 101.40479 | K16: =IF(J16<=50,"A",IF(J16<=80,"B","C")) -> C
... A44: COMP-64451533 | B44: SERVICOS TOPOGRAFICOS PARA PAVIMENTACAO, INCLUSIVE NOTA DE SERVICOS, ACOMPANHAMENTO E GREIDE | C44: Composições | D44: Serviço | E44: M² | F44: 227.13 | G44: 0.52 | H44: =ROUND(F44*G44,2) -> 118.11 | I44: =H44/VALOR_TOTAL*100 -> 0.013786592 | J44: =I44+J43 -> 113.63636 | K44: =IF(J44<=50,"A",IF(J44<=80,"B","C")) -> C
G46: ="Subtotal até "&TRUNC(J44,2)&"%" -> Subtotal até 113,63% | I46: =SUM(H4:H44) -> 973524.9
G47: Outros: | I47: =I48-I46 -> 0.0099999998
G48: Valor total do Orçamento: | I48: 973524.91
A49: ALEX SILVA RAMOS - CREA N° 25.122-D

Sheet COMPOSICOES PROPRIAS
A3: INS-32971826 MOBILIZAÇÃO DE CONTAINER (UND)
A4: Material | C4: FONTE | D4: UNID | E4: COEFICIENTE | F4: PREÇO UNITÁRIO | G4: TOTAL
A5: INS-32971826 | B5: MOBILIZAÇÃO DE CONTAINER | C5: Composições | D5: UND | E5: 1 | F5: 900 | G5: =ROUND(ROUND(E5,8)*F5,2) -> 900
E6: TOTAL Material: | G6: =SUM(G5:G5) -> 900
E7: VALOR: | G7: =SUM(G6) -> 900
A9: INS-09244605 DESMOBILIZAÇÃO DE CONTAINER (UND)
A10: Material | C10: FONTE | D10: UNID | E10: COEFICIENTE | F10: PREÇO UNITÁRIO | G10: TOTAL
A11: INS-09244605 | B11: DESMOBILIZAÇÃO DE CONTAINER | C11: Composições | D11: UND | E11: 1 | F11: 900 | G11: =ROUND(ROUND(E11,8)*F11,2) -> 900
E12: TOTAL Material: | G12: =SUM(G11:G11) -> 900
E13: VALOR: | G13: =SUM(G12) -> 900
A15: INS-91581640 LOCAÇÃO DE CONTAINER PARA ESCRITORIO SEM BANHEIRO (MES)
A16: Material | C16: FONTE | D16: UNID | E16: COEFICIENTE | F16: PREÇO UNITÁRIO | G16: TOTAL
A17: INS-91581640 | B17: LOCAÇÃO DE CONTAINER PARA ESCRITORIO SEM BANHEIRO | C17: Composições | D17: MES | E17: 1 | F17: 1200 | G17: =ROUND(ROUND(E17,8)*F17,2) -> 1200
E18: TOTAL Material: | G18: =SUM(G17:G17) -> 1200
E19: VALOR: | G19: =SUM(G18) -> 1200
A21: INS-33223766 LOCAÇÃO CONTAINER PARA ESCRITORIO COM BANHEIRO (MES)
A22: Material | C22: FONTE | D22: UNID | E22: COEFICIENTE | F22: PREÇO UNITÁRIO | G22: TOTAL
A23: INS-33223766 | B23: LOCAÇÃO CONTAINER PARA ESCRITORIO COM BANHEIRO | C23: Composições | D23: MES | E23: 1 | F23: 1300 | G23: =ROUND(ROUND(E23,8)*F23,2) -> 1300
E24: TOTAL Material: | G24: =SUM(G23:G23) -> 1300
E25: VALOR: | G25: =SUM(G24) -> 1300
A27: COMP-64451533 SERVICOS TOPOGRAFICOS PARA PAVIMENTACAO, INCLUSIVE NOTA DE SERVICOS, ACOMPANHAMENTO E GREIDE (M²)
A28: Equipamento Custo Horário | C28: FONTE | D28: UNID | E28: COEFICIENTE | F28: PREÇO UNITÁRIO | G28: TOTAL
A29: 92145 | B29: CAMINHONETE CABINE SIMPLES COM MOTOR 1.6 FLEX, CÂMBIO MANUAL, POTÊNCIA 101/104 CV, 2 PORTAS - CHP DIURNO. AF_11/2015 | C29: SINAPI | D29: CHP | E29: 0.001 | F29: 79.35 | G29: =ROUND(ROUND(E29,8)*F29,2) -> 0.08
E30: TOTAL Equipamento Custo Horário: | G30: =SUM(G29:G29) -> 0.08
A31: Material | C31: FONTE | D31: UNID | E31: COEFICIENTE | F31: PREÇO UNITÁRIO | G31: TOTAL
A32: 00004460 | B32: SARRAFO NAO APARELHADO *2,5 X 10* CM, EM MACARANDUBA/MASSARANDUBA, ANGELIM OU EQUIVALENTE DA REGIAO - BRUTA | C32: SINAPI | D32: M | E32: 0.002886 | F32: 10.27 | G32: =ROUND(ROUND(E32,8)*F32,2) -> 0.03
E33: TOTAL Material: | G33: =SUM(G32:G32) -> 0.03
A34: Mão de Obra com Encargos Complementares | C34: FONTE | D34: UNID | E34: COEFICIENTE | F34: PREÇO UNITÁRIO | G34: TOTAL
A35: 88253 | B35: AUXILIAR DE TOPÓGRAFO COM ENCARGOS COMPLEMENTARES | C35: SINAPI | D35: H | E35: 0.0025 | F35: 15.75 | G35: =ROUND(ROUND(E35,8)*F35,2) -> 0.04
A36: 90775 | B36: DESENHISTA PROJETISTA COM ENCARGOS COMPLEMENTARES | C36: SINAPI | D36: H | E36: 0.002 | F36: 24.62 | G36: =ROUND(ROUND(E36,8)*F36,2) -> 0.05
A37: 88288 | B37: NIVELADOR COM ENCARGOS COMPLEMENTARES | C37: SINAPI | D37: H | E37: 0.0025 | F37: 19.17 | G37: =ROUND(ROUND(E37,8)*F37,2) -> 0.05
A38: 88316 | B38: SERVENTE COM ENCARGOS COMPLEMENTARES | C38: SINAPI | D38: H | E38: 0.0075 | F38: 22.95 | G38: =ROUND(ROUND(E38,8)*F38,2) -> 0.17
E39: TOTAL Mão de Obra com Encargos Complementares: | G39: =SUM(G35:G38) -> 0.31
A40: Observações: Baseada na Composição 78472 SINAPI - JAN/20 | E40: VALOR: | G40: 0.42
A42: CP-96995-85112623 REATERRO MANUAL APILOADO COM SOQUETE (M3)
A43: Mão de Obra com Encargos Complementares | C43: FONTE | D43: UNID | E43: COEFICIENTE | F43: PREÇO UNITÁRIO | G43: TOTAL
A44: 88316 | B44: SERVENTE COM ENCARGOS COMPLEMENTARES | C44: SINAPI | D44: H | E44: 2.3986 | F44: 22.95 | G44: =ROUND(ROUND(E44,8)*F44,2) -> 55.05
E45: TOTAL Mão de Obra com Encargos Complementares: | G45: =SUM(G44:G44) -> 55.05
A46: Observações: baseado no sinapi 96995 | E46: VALOR: | G46: 55.05
A48: CP-72897-80530767 CARGA MANUAL DE ENTULHO EM CAMINHAO BASCULANTE 14 M3 (M3)
A49: Equipamento Custo Horário | C49: FONTE | D49: UNID | E49: COEFICIENTE | F49: PREÇO UNITÁRIO | G49: TOTAL
A50: 89877 | B50: CAMINHÃO BASCULANTE 14 M3, COM CAVALO MECÂNICO DE CAPACIDADE MÁXIMA DE TRAÇÃO COMBINADO DE 36000 KG, POTÊNCIA 286 CV, INCLUSIVE SEMIREBOQUE COM CAÇAMBA METÁLICA - CHI DIURNO. AF_12/2014 | C50: SINAPI | D50: CHI | E50: 0.25 | F50: 79.68 | G50: =ROUND(ROUND(E50,8)*F50,2) -> 19.92
E51: TOTAL Equipamento Custo Horário: | G51: =SUM(G50:G50) -> 19.92
A52: Mão de Obra com Encargos Complementares | C52: FONTE | D52: UNID | E52: COEFICIENTE | F52: PREÇO UNITÁRIO | G52: TOTAL
A53: 88316 | B53: SERVENTE COM ENCARGOS COMPLEMENTARES | C53: SINAPI | D53: H | E53: 0.7 | F53: 22.95 | G53: =ROUND(ROUND(E53,8)*F53,2) -> 16.07
E54: TOTAL Mão de Obra com Encargos Complementares: | G54: =SUM(G53:G53) -> 16.07
A55: Observações: BASEADA NO SINAPI 72897 - JANEIRO 2020 | E55: VALOR: | G55: 35.99
A57: CP-100206-86548087 TRANSPORTE HORIZONTAL COM JERICA DE 90 L, DE PEDRA RACHÃO GRANEL (UNIDADE: M3XKM). AF_07/2019 (M3XKM)
A58: Mão de Obra com Encargos Complementares | C58: FONTE | D58: UNID | E58: COEFICIENTE | F58: PREÇO UNITÁRIO | G58: TOTAL
A59: 88316 | B59: SERVENTE COM ENCARGOS COMPLEMENTARES | C59: SINAPI | D59: H | E59: 49.374 | F59: 22.95 | G59: =ROUND(ROUND(E59,8)*F59,2) -> 1133.13
E60: TOTAL Mão de Obra com Encargos Complementares: | G60: =SUM(G59:G59) -> 1133.13
A61: Observações: BASEADA NO SINAPI 100206 | E61: VALOR: | G61: 1133.13
A63: COMP-83526730 TRANSPORTE COMERCIAL DE BRITA (M³XKM)
A64: Equipamento Custo Horário | C64: FONTE | D64: UNID | E64: COEFICIENTE | F64: PREÇO UNITÁRIO | G64: TOTAL
A65: 91386 | B65: CAMINHÃO BASCULANTE 10 M3, TRUCADO CABINE SIMPLES, PESO BRUTO TOTAL 23.000 KG, CARGA ÚTIL MÁXIMA 15.935 KG, DISTÂNCIA ENTRE EIXOS 4,80 M, POTÊNCIA 230 CV INCLUSIVE CAÇAMBA METÁLICA - CHP DIURNO. AF_06/2014 | C65: SINAPI | D65: CHP | E65: 0.0046 | F65: 275.47 | G65: =ROUND(ROUND(E65,8)*F65,2) -> 1.27
E66: TOTAL Equipamento Custo Horário: | G66: =SUM(G65:G65) -> 1.27
A67: Observações: Baseado no 83356/SINAPI - AGO/20 | E67: VALOR: | G67: 1.27
A69: CP-73883/002-13051595 EXECUCAO DE DRENO FRANCES COM BRITA NUM 2 (M3)
A70: Material | C70: FONTE | D70: UNID | E70: COEFICIENTE | F70: PREÇO UNITÁRIO | G70: TOTAL
A71: 00004718 | B71: PEDRA BRITADA N. 2 (19 A 38 MM) POSTO PEDREIRA/FORNECEDOR, SEM FRETE | C71: SINAPI | D71: M3 | E71: 1.15 | F71: 101.14 | G71: =ROUND(ROUND(E71,8)*F71,2) -> 116.31
E72: TOTAL Material: | G72: =SUM(G71:G71) -> 116.31
A73: Mão de Obra com Encargos Complementares | C73: FONTE | D73: UNID | E73: COEFICIENTE | F73: PREÇO UNITÁRIO | G73: TOTAL
A74: 88316 | B74: SERVENTE COM ENCARGOS COMPLEMENTARES | C74: SINAPI | D74: H | E74: 2 | F74: 22.95 | G74: =ROUND(ROUND(E74,8)*F74,2) -> 45.9
E75: TOTAL Mão de Obra com Encargos Complementares: | G75: =SUM(G74:G74) -> 45.9
A76: Observações: BASEADO NO SINAPI - 73883/002 - JANEIRO 2020 | E76: VALOR: | G76: 162.21
A78: CP-73883/001-30509153 EXECUCAO DE DRENO FRANCES COM AREIA MEDIA (M3)
A79: Material | C79: FONTE | D79: UNID | E79: COEFICIENTE | F79: PREÇO UNITÁRIO | G79: TOTAL
A80: 00000370 | B80: AREIA MEDIA - POSTO JAZIDA/FORNECEDOR (RETIRADO NA JAZIDA, SEM TRANSPORTE) | C80: SINAPI | D80: M3 | E80: 1.2 | F80: 130 | G80: =ROUND(ROUND(E80,8)*F80,2) -> 156
E81: TOTAL Material: | G81: =SUM(G80:G80) -> 156
A82: Mão de Obra com Encargos Complementares | C82: FONTE | D82: UNID | E82: COEFICIENTE | F82: PREÇO UNITÁRIO | G82: TOTAL
A83: 88316 | B83: SERVENTE COM ENCARGOS COMPLEMENTARES | C83: SINAPI | D83: H | E83: 1.3 | F83: 22.95 | G83: =ROUND(ROUND(E83,8)*F83,2) -> 29.84
E84: TOTAL Mão de Obra com Encargos Complementares: | G84: =SUM(G83:G83) -> 29.84
A85: Observações: BASEADO NO SINAPI - 73883/001 - JANEIRO 2020 | E85: VALOR: | G85: 185.84
A87: CP-83729-53696259 FORNECIMENTO/INSTALACAO DE MANTA BIDIM RT-31 (M2)
A88: Material | C88: FONTE | D88: UNID | E88: COEFICIENTE | F88: PREÇO UNITÁRIO | G88: TOTAL
A89: 00004018 | B89: GEOTEXTIL NAO TECIDO AGULHADO DE FILAMENTOS CONTINUOS 100% POLIESTER, RESITENCIA A TRACAO = 31 KN/M | C89: SINAPI | D89: M2 | E89: 1.08 | F89: 24.74 | G89: =ROUND(ROUND(E89,8)*F89,2) -> 26.72
E90: TOTAL Material: | G90: =SUM(G89:G89) -> 26.72
A91: Mão de Obra com Encargos Complementares | C91: FONTE | D91: UNID | E91: COEFICIENTE | F91: PREÇO UNITÁRIO | G91: TOTAL
A92: 88316 | B92: SERVENTE COM ENCARGOS COMPLEMENTARES | C92: SINAPI | D92: H | E92: 0.03 | F92: 22.95 | G92: =ROUND(ROUND(E92,8)*F92,2) -> 0.69
E93: TOTAL Mão de Obra com Encargos Complementares: | G93: =SUM(G92:G92) -> 0.69
A94: Observações: BASEADA NO SINAPI 83729 - JANEIRO 2020 | E94: VALOR: | G94: 27.41
A96: CP-83681-82667036 TUBO PVC D=4" COM MATERIAL DRENANTE PARA DRENO/BARBACA - FORNECIMENTO E INSTALACAO (M)
A97: Material | C97: FONTE | D97: UNID | E97: COEFICIENTE | F97: PREÇO UNITÁRIO | G97: TOTAL
A98: 00004722 | B98: PEDRA BRITADA N. 3 (38 A 50 MM) POSTO PEDREIRA/FORNECEDOR, SEM FRETE | C98: SINAPI | D98: M3 | E98: 0.004 | F98: 95.03 | G98: =ROUND(ROUND(E98,8)*F98,2) -> 0.38
A99: 00009836 | B99: TUBO PVC SERIE NORMAL, DN 100 MM, PARA ESGOTO PREDIAL (NBR 5688) | C99: SINAPI | D99: M | E99: 1.05 | F99: 13.26 | G99: =ROUND(ROUND(E99,8)*F99,2) -> 13.92
E100: TOTAL Material: | G100: =SUM(G98:G99) -> 14.3
A101: Mão de Obra com Encargos Complementares | C101: FONTE | D101: UNID | E101: COEFICIENTE | F101: PREÇO UNITÁRIO | G101: TOTAL
A102: 88316 | B102: SERVENTE COM ENCARGOS COMPLEMENTARES | C102: SINAPI | D102: H | E102: 0.5 | F102: 22.95 | G102: =ROUND(ROUND(E102,8)*F102,2) -> 11.48
E103: TOTAL Mão de Obra com Encargos Complementares: | G103: =SUM(G102:G102) -> 11.48
A104: Observações: BASEADA NO SINAPI 83681 - JANEIRO 2020 | E104: VALOR: | G104: 25.78
A106: CP-S10448-80966267 Abraçadeira metálica tipo "D" de 4" (un)
A107: Material | C107: FONTE | D107: UNID | E107: COEFICIENTE | F107: PREÇO UNITÁRIO | G107: TOTAL
A108: 00000399 | B108: ABRACADEIRA EM ACO PARA AMARRACAO DE ELETRODUTOS, TIPO D, COM 4" E PARAFUSO DE FIXACAO | C108: SINAPI | D108: UN | E108: 1 | F108: 10.27 | G108: =ROUND(ROUND(E108,8)*F108,2) -> 10.27
E109: TOTAL Material: | G109: =SUM(G108:G108) -> 10.27
A110: Mão de Obra com Encargos Complementares | C110: FONTE | D110: UNID | E110: COEFICIENTE | F110: PREÇO UNITÁRIO | G110: TOTAL
A111: 88267 | B111: ENCANADOR OU BOMBEIRO HIDRÁULICO COM ENCARGOS COMPLEMENTARES | C111: SINAPI | D111: H | E111: 0.1 | F111: 27.62 | G111: =ROUND(ROUND(E111,8)*F111,2) -> 2.76
A112: 88316 | B112: SERVENTE COM ENCARGOS COMPLEMENTARES | C112: SINAPI | D112: H | E112: 0.1 | F112: 22.95 | G112: =ROUND(ROUND(E112,8)*F112,2) -> 2.3
E113: TOTAL Mão de Obra com Encargos Complementares: | G113: =SUM(G111:G112) -> 5.06
A114: Observações: BASEADA NO ORSE CP-S10448-80966267 | E114: VALOR: | G114: 15.33
A117: CP-83356-32589970 TRANSPORTE COMERCIAL DE PEDRA RACHÃO (M3XKM)
...

Sheet COMPOSICOES AUXILIARES
A3: 88238 AJUDANTE DE ARMADOR COM ENCARGOS COMPLEMENTARES (H)
A4: Encargos Complementares | C4: FONTE | D4: UNID | E4: COEFICIENTE | F4: PREÇO UNITÁRIO | G4: TOTAL
A5: 00037370 | B5: ALIMENTACAO - HORISTA (COLETADO CAIXA - ENCARGOS COMPLEMENTARES) | C5: SINAPI | D5: H | E5: 1 | F5: 2.79 | G5: =TRUNC(TRUNC(E5,8)*F5,2) -> 2.79
A6: 00043489 | B6: EPI - FAMILIA PEDREIRO - HORISTA (ENCARGOS COMPLEMENTARES - COLETADO CAIXA) | C6: SINAPI | D6: H | E6: 1 | F6: 1.31 | G6: =TRUNC(TRUNC(E6,8)*F6,2) -> 1.31
A7: 00037372 | B7: EXAMES - HORISTA (COLETADO CAIXA - ENCARGOS COMPLEMENTARES) | C7: SINAPI | D7: H | E7: 1 | F7: 1.43 | G7: =TRUNC(TRUNC(E7,8)*F7,2) -> 1.43
A8: 00043465 | B8: FERRAMENTAS - FAMILIA PEDREIRO - HORISTA (ENCARGOS COMPLEMENTARES - COLETADO CAIXA) | C8: SINAPI | D8: H | E8: 1 | F8: 0.78 | G8: =TRUNC(TRUNC(E8,8)*F8,2) -> 0.78
A9: 00037373 | B9: SEGURO - HORISTA (COLETADO CAIXA - ENCARGOS COMPLEMENTARES) | C9: SINAPI | D9: H | E9: 1 | F9: 0.08 | G9: =TRUNC(TRUNC(E9,8)*F9,2) -> 0.08
A10: 00037371 | B10: TRANSPORTE - HORISTA (COLETADO CAIXA - ENCARGOS COMPLEMENTARES) | C10: SINAPI | D10: H | E10: 1 | F10: 0.54 | G10: =TRUNC(TRUNC(E10,8)*F10,2) -> 0.54
E11: TOTAL Encargos Complementares: | G11: =SUM(G5:G10) -> 6.93
A12: Mão de Obra | C12: FONTE | D12: UNID | E12: COEFICIENTE | F12: PREÇO UNITÁRIO | G12: TOTAL
A13: 00006114 | B13: AJUDANTE DE ARMADOR (HORISTA) | C13: SINAPI | D13: H | E13: 1 | F13: 16.74 | G13: =TRUNC(TRUNC(E13,8)*F13,2) -> 16.74
E14: TOTAL Mão de Obra: | G14: =SUM(G13:G13) -> 16.74
A15: Serviço | C15: FONTE | D15: UNID | E15: COEFICIENTE | F15: PREÇO UNITÁRIO | G15: TOTAL
A16: 95308 | B16: CURSO DE CAPACITAÇÃO PARA AJUDANTE DE ARMADOR (ENCARGOS COMPLEMENTARES) - HORISTA | C16: SINAPI | D16: H | E16: 1 | F16: 0.19 | G16: =TRUNC(TRUNC(E16,8)*F16,2) -> 0.19
E17: TOTAL Serviço: | G17: =SUM(G16:G16) -> 0.19
E18: VALOR: | G18: =SUM(G11,G14,G17) -> 23.86
A20: 88239 AJUDANTE DE CARPINTEIRO COM ENCARGOS COMPLEMENTARES (H)
A21: Encargos Complementares | C21: FONTE | D21: UNID | E21: COEFICIENTE | F21: PREÇO UNITÁRIO | G21: TOTAL
A22: 00037370 | B22: ALIMENTACAO - HORISTA (COLETADO CAIXA - ENCARGOS COMPLEMENTARES) | C22: SINAPI | D22: H | E22: 1 | F22: 2.79 | G22: =TRUNC(TRUNC(E22,8)*F22,2) -> 2.79
A23: 00043483 | B23: EPI - FAMILIA CARPINTEIRO DE FORMAS - HORISTA (ENCARGOS COMPLEMENTARES - COLETADO CAIXA) | C23: SINAPI | D23: H | E23: 1 | F23: 1.43 | G23: =TRUNC(TRUNC(E23,8)*F23,2) -> 1.43
A24: 00037372 | B24: EXAMES - HORISTA (COLETADO CAIXA - ENCARGOS COMPLEMENTARES) | C24: SINAPI | D24: H | E24: 1 | F24: 1.43 | G24: =TRUNC(TRUNC(E24,8)*F24,2) -> 1.43
A25: 00043459 | B25: FERRAMENTAS - FAMILIA CARPINTEIRO DE FORMAS - HORISTA (ENCARGOS COMPLEMENTARES - COLETADO CAIXA) | C25: SINAPI | D25: H | E25: 1 | F25: 0.44 | G25: =TRUNC(TRUNC(E25,8)*F25,2) -> 0.44
A26: 00037373 | B26: SEGURO - HORISTA (COLETADO CAIXA - ENCARGOS COMPLEMENTARES) | C26: SINAPI | D26: H | E26: 1 | F26: 0.08 | G26: =TRUNC(TRUNC(E26,8)*F26,2) -> 0.08
A27: 00037371 | B27: TRANSPORTE - HORISTA (COLETADO CAIXA - ENCARGOS COMPLEMENTARES) | C27: SINAPI | D27: H | E27: 1 | F27: 0.54 | G27: =TRUNC(TRUNC(E27,8)*F27,2) -> 0.54
E28: TOTAL Encargos Complementares: | G28: =SUM(G22:G27) -> 6.71
A29: Mão de Obra | C29: FONTE | D29: UNID | E29: COEFICIENTE | F29: PREÇO UNITÁRIO | G29: TOTAL
A30: 00006117 | B30: CARPINTEIRO AUXILIAR (HORISTA) | C30: SINAPI | D30: H | E30: 1 | F30: 16.74 | G30: =TRUNC(TRUNC(E30,8)*F30,2) -> 16.74
E31: TOTAL Mão de Obra: | G31: =SUM(G30:G30) -> 16.74
A32: Serviço | C32: FONTE | D32: UNID | E32: COEFICIENTE | F32: PREÇO UNITÁRIO | G32: TOTAL
A33: 95309 | B33: CURSO DE CAPACITAÇÃO PARA AJUDANTE DE CARPINTEIRO (ENCARGOS COMPLEMENTARES) - HORISTA | C33: SINAPI | D33: H | E33: 1 | F33: 0.24 | G33: =TRUNC(TRUNC(E33,8)*F33,2) -> 0.24
E34: TOTAL Serviço: | G34: =SUM(G33:G33) -> 0.24
E35: VALOR: | G35: =SUM(G28,G31,G34) -> 23.69
A37: 87369 ARGAMASSA TRAÇO 1:2:8 (EM VOLUME DE CIMENTO, CAL E AREIA MÉDIA ÚMIDA) PARA EMBOÇO/MASSA ÚNICA/ASSENTAMENTO DE ALVENARIA DE VEDAÇÃO, PREPARO MANUAL. AF_08/2019 (M3)
A38: Material | C38: FONTE | D38: UNID | E38: COEFICIENTE | F38: PREÇO UNITÁRIO | G38: TOTAL
A39: 00000370 | B39: AREIA MEDIA - POSTO JAZIDA/FORNECEDOR (RETIRADO NA JAZIDA, SEM TRANSPORTE) | C39: SINAPI | D39: M3 | E39: 1.14 | F39: 130 | G39: =TRUNC(TRUNC(E39,8)*F39,2) -> 148.2
A40: 00001106 | B40: CAL HIDRATADA CH-I PARA ARGAMASSAS | C40: SINAPI | D40: KG | E40: 171.13 | F40: 1.6 | G40: =TRUNC(TRUNC(E40,8)*F40,2) -> 273.8
A41: 00001379 | B41: CIMENTO PORTLAND COMPOSTO CP II-32 | C41: SINAPI | D41: KG | E41: 192.52 | F41: 0.7 | G41: =TRUNC(TRUNC(E41,8)*F41,2) -> 134.76
E42: TOTAL Material: | G42: =SUM(G39:G41) -> 556.76
A43: Mão de Obra com Encargos Complementares | C43: FONTE | D43: UNID | E43: COEFICIENTE | F43: PREÇO UNITÁRIO | G43: TOTAL
A44: 88316 | B44: SERVENTE COM ENCARGOS COMPLEMENTARES | C44: SINAPI | D44: H | E44: 11.1 | F44: 22.95 | G44: =TRUNC(TRUNC(E44,8)*F44,2) -> 254.74
E45: TOTAL Mão de Obra com Encargos Complementares: | G45: =SUM(G44:G44) -> 254.74
E46: VALOR: | G46: =SUM(G42,G45) -> 811.5
A48: 87377 ARGAMASSA TRAÇO 1:3 (EM VOLUME DE CIMENTO E AREIA GROSSA ÚMIDA) PARA CHAPISCO CONVENCIONAL, PREPARO MANUAL. AF_08/2019 (M3)
A49: Material | C49: FONTE | D49: UNID | E49: COEFICIENTE | F49: PREÇO UNITÁRIO | G49: TOTAL
A50: 00000367 | B50: AREIA GROSSA - POSTO JAZIDA/FORNECEDOR (RETIRADO NA JAZIDA, SEM TRANSPORTE) | C50: SINAPI | D50: M3 | E50: 0.94 | F50: 131.69 | G50: =TRUNC(TRUNC(E50,8)*F50,2) -> 123.78
A51: 00001379 | B51: CIMENTO PORTLAND COMPOSTO CP II-32 | C51: SINAPI | D51: KG | E51: 422.63 | F51: 0.7 | G51: =TRUNC(TRUNC(E51,8)*F51,2) -> 295.84
E52: TOTAL Material: | G52: =SUM(G50:G51) -> 419.62
A53: Mão de Obra com Encargos Complementares | C53: FONTE | D53: UNID | E53: COEFICIENTE | F53: PREÇO UNITÁRIO | G53: TOTAL
A54: 88316 | B54: SERVENTE COM ENCARGOS COMPLEMENTARES | C54: SINAPI | D54: H | E54: 11.02 | F54: 22.95 | G54: =TRUNC(TRUNC(E54,8)*F54,2) -> 252.9
E55: TOTAL Mão de Obra com Encargos Complementares: | G55: =SUM(G54:G54) -> 252.9
E56: VALOR: | G56: =SUM(G52,G55) -> 672.52
A58: 88629 ARGAMASSA TRAÇO 1:3 (EM VOLUME DE CIMENTO E AREIA MÉDIA ÚMIDA), PREPARO MANUAL. AF_08/2019 (M3)
A59: Material | C59: FONTE | D59: UNID | E59: COEFICIENTE | F59: PREÇO UNITÁRIO | G59: TOTAL
A60: 00000370 | B60: AREIA MEDIA - POSTO JAZIDA/FORNECEDOR (RETIRADO NA JAZIDA, SEM TRANSPORTE) | C60: SINAPI | D60: M3 | E60: 1.07 | F60: 130 | G60: =TRUNC(TRUNC(E60,8)*F60,2) -> 139.1
A61: 00001379 | B61: CIMENTO PORTLAND COMPOSTO CP II-32 | C61: SINAPI | D61: KG | E61: 482.96 | F61: 0.7 | G61: =TRUNC(TRUNC(E61,8)*F61,2) -> 338.07
E62: TOTAL Material: | G62: =SUM(G60:G61) -> 477.17
A63: Mão de Obra com Encargos Complementares | C63: FONTE | D63: UNID | E63: COEFICIENTE | F63: PREÇO UNITÁRIO | G63: TOTAL
A64: 88316 | B64: SERVENTE COM ENCARGOS COMPLEMENTARES | C64: SINAPI | D64: H | E64: 8.57 | F64: 22.95 | G64: =TRUNC(TRUNC(E64,8)*F64,2) -> 196.68
E65: TOTAL Mão de Obra com Encargos Complementares: | G65: =SUM(G64:G64) -> 196.68
E66: VALOR: | G66: =SUM(G62,G65) -> 673.85
A68: 88245 ARMADOR COM ENCARGOS COMPLEMENTARES (H)
A69: Encargos Complementares | C69: FONTE | D69: UNID | E69: COEFICIENTE | F69: PREÇO UNITÁRIO | G69: TOTAL
A70: 00037370 | B70: ALIMENTACAO - HORISTA (COLETADO CAIXA - ENCARGOS COMPLEMENTARES) | C70: SINAPI | D70: H | E70: 1 | F70: 2.79 | G70: =TRUNC(TRUNC(E70,8)*F70,2) -> 2.79
A71: 00043489 | B71: EPI - FAMILIA PEDREIRO - HORISTA (ENCARGOS COMPLEMENTARES - COLETADO CAIXA) | C71: SINAPI | D71: H | E71: 1 | F71: 1.31 | G71: =TRUNC(TRUNC(E71,8)*F71,2) -> 1.31
A72: 00037372 | B72: EXAMES - HORISTA (COLETADO CAIXA - ENCARGOS COMPLEMENTARES) | C72: SINAPI | D72: H | E72: 1 | F72: 1.43 | G72: =TRUNC(TRUNC(E72,8)*F72,2) -> 1.43
A73: 00043465 | B73: FERRAMENTAS - FAMILIA PEDREIRO - HORISTA (ENCARGOS COMPLEMENTARES - COLETADO CAIXA) | C73: SINAPI | D73: H | E73: 1 | F73: 0.78 | G73: =TRUNC(TRUNC(E73,8)*F73,2) -> 0.78
A74: 00037373 | B74: SEGURO - HORISTA (COLETADO CAIXA - ENCARGOS COMPLEMENTARES) | C74: SINAPI | D74: H | E74: 1 | F74: 0.08 | G74: =TRUNC(TRUNC(E74,8)*F74,2) -> 0.08
A75: 00037371 | B75: TRANSPORTE - HORISTA (COLETADO CAIXA - ENCARGOS COMPLEMENTARES) | C75: SINAPI | D75: H | E75: 1 | F75: 0.54 | G75: =TRUNC(TRUNC(E75,8)*F75,2) -> 0.54
E76: TOTAL Encargos Complementares: | G76: =SUM(G70:G75) -> 6.93
A77: Mão de Obra | C77: FONTE | D77: UNID | E77: COEFICIENTE | F77: PREÇO UNITÁRIO | G77: TOTAL
A78: 00000378 | B78: ARMADOR (HORISTA) | C78: SINAPI | D78: H | E78: 1 | F78: 20.97 | G78: =TRUNC(TRUNC(E78,8)*F78,2) -> 20.97
E79: TOTAL Mão de Obra: | G79: =SUM(G78:G78) -> 20.97
A80: Serviço | C80: FONTE | D80: UNID | E80: COEFICIENTE | F80: PREÇO UNITÁRIO | G80: TOTAL
A81: 95314 | B81: CURSO DE CAPACITAÇÃO PARA ARMADOR (ENCARGOS COMPLEMENTARES) - HORISTA | C81: SINAPI | D81: H | E81: 1 | F81: 0.24 | G81: =TRUNC(TRUNC(E81,8)*F81,2) -> 0.24
E82: TOTAL Serviço: | G82: =SUM(G81:G81) -> 0.24
E83: VALOR: | G83: =SUM(G76,G79,G82) -> 28.14
A85: 92921 ARMAÇÃO DE ESTRUTURAS DIVERSAS DE CONCRETO ARMADO, EXCETO VIGAS, PILARES, LAJES E FUNDAÇÕES, UTILIZANDO AÇO CA-50 DE 12,5 MM - MONTAGEM. AF_06/2022 (KG)
A86: Material | C86: FONTE | D86: UNID | E86: COEFICIENTE | F86: PREÇO UNITÁRIO | G86: TOTAL
A87: 00043132 | B87: ARAME RECOZIDO 16 BWG, D = 1,65 MM (0,016 KG/M) OU 18 BWG, D = 1,25 MM (0,01 KG/M) | C87: SINAPI | D87: KG | E87: 0.025 | F87: 16.1 | G87: =TRUNC(TRUNC(E87,8)*F87,2) -> 0.4
A88: 00039017 | B88: ESPACADOR / DISTANCIADOR CIRCULAR COM ENTRADA LATERAL, EM PLASTICO, PARA VERGALHAO *4,2 A 12,5* MM, COBRIMENTO 20 MM | C88: SINAPI | D88: UN | E88: 0.367 | F88: 0.22 | G88: =TRUNC(TRUNC(E88,8)*F88,2) -> 0.08
E89: TOTAL Material: | G89: =SUM(G87:G88) -> 0.48
A90: Mão de Obra com Encargos Complementares | C90: FONTE | D90: UNID | E90: COEFICIENTE | F90: PREÇO UNITÁRIO | G90: TOTAL
A91: 88238 | B91: AJUDANTE DE ARMADOR COM ENCARGOS COMPLEMENTARES | C91: SINAPI | D91: H | E91: 0.0076 | F91: 23.86 | G91: =TRUNC(TRUNC(E91,8)*F91,2) -> 0.18
A92: 88245 | B92: ARMADOR COM ENCARGOS COMPLEMENTARES | C92: SINAPI | D92: H | E92: 0.0464 | F92: 28.14 | G92: =TRUNC(TRUNC(E92,8)*F92,2) -> 1.3
E93: TOTAL Mão de Obra com Encargos Complementares: | G93: =SUM(G91:G92) -> 1.48
A94: Serviço | C94: FONTE | D94: UNID | E94: COEFICIENTE | F94: PREÇO UNITÁRIO | G94: TOTAL
A95: 92804 | B95: CORTE E DOBRA DE AÇO CA-50, DIÂMETRO DE 12,5 MM. AF_06/2022 | C95: SINAPI | D95: KG | E95: 1 | F95: 8.46 | G95: =TRUNC(TRUNC(E95,8)*F95,2) -> 8.46
E96: TOTAL Serviço: | G96: =SUM(G95:G95) -> 8.46
E97: VALOR: | G97: =SUM(G89,G93,G96) -> 10.42
A99: 92916 ARMAÇÃO DE ESTRUTURAS DIVERSAS DE CONCRETO ARMADO, EXCETO VIGAS, PILARES, LAJES E FUNDAÇÕES, UTILIZANDO AÇO CA-50 DE 6,3 MM - MONTAGEM. AF_06/2022 (KG)
A100: Material | C100: FONTE | D100: UNID | E100: COEFICIENTE | F100: PREÇO UNITÁRIO | G100: TOTAL
A101: 00043132 | B101: ARAME RECOZIDO 16 BWG, D = 1,65 MM (0,016 KG/M) OU 18 BWG, D = 1,25 MM (0,01 KG/M) | C101: SINAPI | D101: KG | E101: 0.025 | F101: 16.1 | G101: =TRUNC(TRUNC(E101,8)*F101,2) -> 0.4
A102: 00039017 | B102: ESPACADOR / DISTANCIADOR CIRCULAR COM ENTRADA LATERAL, EM PLASTICO, PARA VERGALHAO *4,2 A 12,5* MM, COBRIMENTO 20 MM | C102: SINAPI | D102: UN | E102: 0.97 | F102: 0.22 | G102: =TRUNC(TRUNC(E102,8)*F102,2) -> 0.21
E103: TOTAL Material: | G103: =SUM(G101:G102) -> 0.61
A104: Mão de Obra com Encargos Complementares | C104: FONTE | D104: UNID | E104: COEFICIENTE | F104: PREÇO UNITÁRIO | G104: TOTAL
A105: 88238 | B105: AJUDANTE DE ARMADOR COM ENCARGOS COMPLEMENTARES | C105: SINAPI | D105: H | E105: 0.0233 | F105: 23.86 | G105: =TRUNC(TRUNC(E105,8)*F105,2) -> 0.55
A106: 88245 | B106: ARMADOR COM ENCARGOS COMPLEMENTARES | C106: SINAPI | D106: H | E106: 0.1428 | F106: 28.14 | G106: =TRUNC(TRUNC(E106,8)*F106,2) -> 4.01
E107: TOTAL Mão de Obra com Encargos Complementares: | G107: =SUM(G105:G106) -> 4.56
A108: Serviço | C108: FONTE | D108: UNID | E108: COEFICIENTE | F108: PREÇO UNITÁRIO | G108: TOTAL
A109: 92801 | B109: CORTE E DOBRA DE AÇO CA-50, DIÂMETRO DE 6,3 MM. AF_06/2022 | C109: SINAPI | D109: KG | E109: 1 | F109: 10.75 | G109: =TRUNC(TRUNC(E109,8)*F109,2) -> 10.75
...
